Workbook
Name \a: [1]Insumos!#REF!
Name \a: [1]Insumos!#REF!
Name \a: [1]Insumos!#REF!
Name \b: [2]INSUMOS!#REF!
Name \i: [2]INSUMOS!#REF!
Name \m: [2]INSUMOS!#REF!
Name \r: [2]INSUMOS!#REF!
Name \t: [2]INSUMOS!#REF!
Name \x: [2]INSUMOS!#REF!
Name _________________________________apu1: [2]INSUMOS!#REF!
Name ________________________________apu1: [2]INSUMOS!#REF!
Name _______________________________apu1: [2]INSUMOS!#REF!
Name ______________________________apu1: [2]INSUMOS!#REF!
Name ____________________________apu1: [2]INSUMOS!#REF!
Name ___________________________apu1: [2]INSUMOS!#REF!
Name __________________________apu1: [2]INSUMOS!#REF!
Name _________________________apu1: [2]INSUMOS!#REF!
Name ________________________apu1: [2]INSUMOS!#REF!
Name _______________________apu1: [2]INSUMOS!#REF!
Name _____________________apu1: [2]INSUMOS!#REF!
Name ____________________apu1: [2]INSUMOS!#REF!
Name ___________________apu1: [2]INSUMOS!#REF!
Name __________________apu1: [2]INSUMOS!#REF!
Name _________________apu1: [2]INSUMOS!#REF!
Name ________________apu1: [2]INSUMOS!#REF!
Name _______________apu1: [2]INSUMOS!#REF!
Name ______________apu1: [2]INSUMOS!#REF!
Name _____________apu1: [2]INSUMOS!#REF!
Name ____________apu1: [2]INSUMOS!#REF!
Name ___________apu1: [2]INSUMOS!#REF!
Name __________apu1: [2]INSUMOS!#REF!
Name _________apu1: [2]INSUMOS!#REF!
Name ________apu1: [2]INSUMOS!#REF!
Name _______apu1: [2]INSUMOS!#REF!
Name ______apu1: [2]INSUMOS!#REF!
Name _____apu1: [2]INSUMOS!#REF!
Name ____apu1: [2]INSUMOS!#REF!
Name ___apu1: [2]INSUMOS!#REF!
Name __apu1: [2]INSUMOS!#REF!
Name _A16400: #REF!
Name _A16400: #REF!
Name _A16400: #REF!
Name _A16400: #REF!
Name _apu1: [2]INSUMOS!#REF!
Name A: #REF!
Name a: [1]Insumos!#REF!
Name ACERO: #REF!
Name ACERO: #REF!
Name ACTIVOS: #REF!
Name ACTIVOS: #REF!
Name adfasdfsa: [1]Insumos!#REF!
Name adfasdfsa: [1]Insumos!#REF!
Name adfasfadfa: [1]Insumos!#REF!
Name ADMON: #REF!
Name ADMON: #REF!
Name adsfadsfasdfafdasfdasfd: [2]INSUMOS!#REF!
Name adsfadsfasdfafdasfdasfd: [2]INSUMOS!#REF!
Name adsfadsfasdfafdasfdasfd: [2]INSUMOS!#REF!
Name adsfadsfasdfafdasfdasfd: [2]INSUMOS!#REF!
Name adsfadsfasfasdfasfdasdfadsfdsafdsa: [1]Insumos!#REF!

Sheet PRESUPUESTO
C1: SECRETARIA DE PLANEACIÓN Y OBRAS PÚBLICAS | D1: CODIGO | F1: 103
D2: SERIE Y SUBSERIE | F2: 51
C3: NIT. 800252922-2
C4: Modelo Integrado de Planeación y Gestión | D4: VERSIÓN | F4: 1
C5: PRESUPUESTO | D5: FECHA DEL FORMATO | F5: D/M/A
F6: 45402
A8: AMPLIACIÓN DE MÓDULOS HABITACIONALES Y ÁREAS COMPLEMENTARIAS PARA CENTRO DE BIENESTAR EL BUEN SAMARITANO Y CENTRO DÍA DE PUERTO COLÓN DEL MUNICIPIO DE SAN MIGUEL, PUTUMAYO.
A11: PRESUPUESTO GENERAL
A13: ITEM | B13: DESCRIPCION | D13: UNIDAD | E13: CANTIDAD | F13: VR/UNITARIO | G13: VR/TOTAL
A14: 1 | B14: PRELIMINARES
A15: 1.1 | B15: localizacion y replanteo | D15: M2 | E15: ='MEMORIA CANTIDADES'!I24 -> 181.654 | F15: =APUS!H37 -> 9225.88 | G15: =+ROUND(E15*F15,2) -> 1675918
A16: 1.2 | B16: Desmonte de pasamanos metálico auto portante con anclaje a piso existente y anclaje lateral a muro existente | D16: ML | E16: ='MEMORIA CANTIDADES'!I637 -> 52.85 | F16: =APUS!H86 -> 15300 | G16: =+ROUND(E16*F16,2) -> 808605
A17: 1.3 | B17: Desmonte de cabinas metálicas existentes | D17: UND | E17: ='MEMORIA CANTIDADES'!I644 -> 4 | F17: =APUS!H136 -> 12456.25 | G17: =+ROUND(E17*F17,2) -> 49825
A18: 1.4 | B18: Desmonte de unidades sanitarias y lavamanos existentes | D18: UND | E18: ='MEMORIA CANTIDADES'!I651 -> 7 | F18: =APUS!H186 -> 25025 | G18: =+ROUND(E18*F18,2) -> 175175
A19: 1.5 | B19: Demolición de enchape de piso existente | D19: M2 | E19: ='MEMORIA CANTIDADES'!I658 -> 19.2625 | F19: =APUS!H236 -> 25800 | G19: =+ROUND(E19*F19,2) -> 496972.5 | I19: A.I.U | K19: UTILIDAD | M19: IVA SOBRE UTILIDAD | O19: VALOR TOTAL + IVA
A20: 1.6 | B20: Demolicion de enchape de muro existente | D20: M2 | E20: ='MEMORIA CANTIDADES'!I665 -> 25.8 | F20: =APUS!H286 -> 24300 | G20: =+ROUND(E20*F20,2) -> 626940
A21: 1.7 | B21: Demolición manual de muro de baño | D21: M2 | E21: ='MEMORIA CANTIDADES'!I672 -> 2.7 | F21: =APUS!H336 -> 38300 | G21: =+ROUND(E21*F21,2) -> 103410
A22: 1.8 | B22: Retiro y disposicion de material sobrante | D22: M3 | E22: ='MEMORIA CANTIDADES'!I679 -> 46.9525 | F22: =APUS!H386 -> 34383.34 | G22: =+ROUND(E22*F22,2) -> 1614383.8
B23: subtotal | G23: =ROUND(SUM(G15:G22),2) -> 5551229.3 | H23: 0.32 | I23: =G23*H23 -> 1776393.4 | J23: 0.03 | K23: =G23*J23 -> 166536.88 | L23: 0.19 | M23: =L23*K23 -> 31642.007 | O23: =I23+M23 -> 1808035.4
A24: 2 | B24: MOVIMIENTO DE TIERRAS
A25: 2.1 | B25: Excavacion Manual Localizada (incluye retiro) | D25: M3 | E25: ='MEMORIA CANTIDADES'!I46 -> 39.7408 | F25: =APUS!H438 -> 60050 | G25: =+ROUND(E25*F25,2) -> 2386435
A26: 2.2 | B26: Suministro, instalacion y compactacion de material seleccionado | D26: M3 | E26: ='MEMORIA CANTIDADES'!I57 -> 64.1102 | F26: =APUS!H491 -> 110130 | G26: =+ROUND(E26*F26,2) -> 7060456.3
B27: subtotal | G27: =ROUND(SUM(G25:G26),2) -> 9446891.4 | H27: 0.32 | I27: =G27*H27 -> 3023005.2 | J27: 0.03 | K27: =G27*J27 -> 283406.74 | L27: 0.19 | M27: =L27*K27 -> 53847.281 | O27: =I27+M27 -> 3076852.5
A28: 3 | B28: CONCRETOS Y ACEROS
A29: 3.1 | B29: Viga de cimentacion de (30x35cm) en concreto 3000 PSI | D29: ML | E29: ='MEMORIA CANTIDADES'!I79 -> 106.54 | F29: =APUS!H543 -> 111153.5 | G29: =+ROUND(E29*F29,2) -> 11842294
A30: 3.2 | B30: Vigas de corona de (12x20cm ) en concreto de 3000 PSI | D30: ML | E30: ='MEMORIA CANTIDADES'!I99 -> 108.04 | F30: =APUS!H596 -> 75983.3 | G30: =+ROUND(E30*F30,2) -> 8209235.7
A31: 3.3 | B31: Columnetas de confinamiento de (12x20cm) en concreto de 3000 PSI | D31: ML | E31: ='MEMORIA CANTIDADES'!I114 -> 152.05 | F31: =APUS!H649 -> 75248.15 | G31: =+ROUND(E31*F31,2) -> 11441481
A32: 3.4 | B32: Acero de refuerzo Fy= 420 mpa | D32: KG | E32: ='MEMORIA CANTIDADES'!I181 -> 2425.3615 | F32: =APUS!H702 -> 12036.66 | G32: =+ROUND(E32*F32,2) -> 29193251
A33: 3.5 | B33: Concreto Ciclopeo 60-40 Mejoramiento del terreno (40X40) | D33: M3 | E33: ='MEMORIA CANTIDADES'!I202 -> 19.8704 | F33: =APUS!H755 -> 445520 | G33: =+ROUND(E33*F33,2) -> 8852660.6
A34: 3.6 | B34: Placa de contrapiso e=0.10m concreto 3000 PSI | D34: M2 | E34: ='MEMORIA CANTIDADES'!I213 -> 196.597 | F34: =APUS!H808 -> 97613.34 | G34: =+ROUND(E34*F34,2) -> 19190490
B35: subtotal | G35: =ROUND(SUM(G29:G34),2) -> 88729413 | H35: 0.32 | I35: =G35*H35 -> 28393412 | J35: 0.03 | K35: =G35*J35 -> 2661882.4 | L35: 0.19 | M35: =L35*K35 -> 505757.65 | O35: =I35+M35 -> 28899170
A36: 4 | B36: INSTALACIONES HIDROSANITARIAS Y ELECTRICAS
A37: 4.1 | B37: Suministro e instalacion de tuberia hidraulica en PVC presion 3/4" incluido accesorios | D37: ML | E37: ='MEMORIA CANTIDADES'!I225 -> 60.4 | F37: =APUS!H861 -> 14335 | G37: =+ROUND(E37*F37,2) -> 865834
A38: 4.2 | B38: Suministro e instalacion de tuberia hidraulica en PVC presion 1/2" incluido accesorios | D38: ML | E38: ='MEMORIA CANTIDADES'!I237 -> 14.6 | F38: =APUS!H914 -> 12335 | G38: =+ROUND(E38*F38,2) -> 180091
A39: 4.3 | B39: Suministro e instalacion de tubieria sanitaria en PVC 4" incluido accesorios | D39: ML | E39: ='MEMORIA CANTIDADES'!I249+'MEMORIA CANTIDADES'!I688 -> 80.94 | F39: =APUS!H967 -> 54870 | G39: =+ROUND(E39*F39,2) -> 4441177.8
A40: 4.4 | B40: Suministro e instalacion de tubieria sanitaria en PVC 2" incluido accesorios | D40: ML | E40: ='MEMORIA CANTIDADES'!I261+'MEMORIA CANTIDADES'!I695 -> 48.64 | F40: =APUS!H1020 -> 36633.34 | G40: =+ROUND(E40*F40,2) -> 1781845.7
A41: 4.5 | B41: construccion de caja de inspeccion sanitaria de (80X80) en mamposteria incluye tapa en concreto | D41: UND | E41: ='MEMORIA CANTIDADES'!I273 -> 3 | F41: =APUS!H1074 -> 513462.5 | G41: =+ROUND(E41*F41,2) -> 1540387.5
A42: 4.6 | B42: Punto Sanitario 2" | D42: UND | E42: ='MEMORIA CANTIDADES'!I285+'MEMORIA CANTIDADES'!I702 -> 15 | F42: =APUS!H1128 -> 75066.66 | G42: =+ROUND(E42*F42,2) -> 1125999.9
A43: 4.7 | B43: Punto Sanitario 4" | D43: UND | E43: ='MEMORIA CANTIDADES'!I297+'MEMORIA CANTIDADES'!I709 -> 7 | F43: =APUS!H1182 -> 153900 | G43: =+ROUND(E43*F43,2) -> 1077300
A44: 4.8 | B44: Suministro e instalación de ducha tipo telefónica cromada, incluye regadera, brazo, chapeta, accesorios de fijación, conexiones | D44: UND | E44: ='MEMORIA CANTIDADES'!I309 -> 4 | F44: =APUS!H1237 -> 239825 | G44: =+ROUND(E44*F44,2) -> 959300
A45: 4.9 | B45: Suministro e instalación de taza sanitaria tipo institucional (incluye accesorios de fijación y conexión) | D45: UND | E45: ='MEMORIA CANTIDADES'!I309 -> 4 | F45: =APUS!H1289 -> 383616.66 | G45: =+ROUND(E45*F45,2) -> 1534466.6
A46: 4.1 | B46: Suministro e instalación de lavamanos institucional sobreponer línea económica | D46: UND | E46: ='MEMORIA CANTIDADES'!I333+'MEMORIA CANTIDADES'!I716 -> 7 | F46: =APUS!H1341 -> 311253.34 | G46: =+ROUND(E46*F46,2) -> 2178773.4
A47: 4.11 | B47: Suministro e instalación de unidad sanitaria tipo PMR (personas con movilidad reducida) línea económica | D47: UND | E47: =+'MEMORIA CANTIDADES'!I723 -> 3 | F47: =APUS!H1393 -> 1000208.3 | G47: =+ROUND(E47*F47,2) -> 3000625
A48: 4.12 | B48: Sondeo de redes sanitarias | D48: ML | E48: ='MEMORIA CANTIDADES'!I839 -> 30 | F48: =APUS!H1444 -> 7565 | G48: =+ROUND(E48*F48,2) -> 226950
A49: 4.13 | B49: Punto electrico 1/2" | D49: UND | E49: ='MEMORIA CANTIDADES'!I345 -> 54 | F49: =APUS!H1499 -> 58975 | G49: =+ROUND(E49*F49,2) -> 3184650
A50: 4.14 | B50: Tuberia EMT 1/2" | D50: ML | E50: ='MEMORIA CANTIDADES'!I357 -> 209.38 | F50: =APUS!H1554 -> 27480 | G50: =+ROUND(E50*F50,2) -> 5753762.4
A51: 4.15 | B51: Interrutor sencillo | D51: UND | E51: ='MEMORIA CANTIDADES'!I369 -> 10 | F51: =APUS!H1725 -> 31006.25 | G51: =+ROUND(E51*F51,2) -> 310062.5
A52: 4.16 | B52: Tomacorriente doble. | D52: UND | E52: ='MEMORIA CANTIDADES'!I381 -> 13 | F52: =APUS!H1670 -> 21006.25 | G52: =+ROUND(E52*F52,2) -> 273081.25
A53: 4.17 | B53: Tomacorriente GFCI | D53: UND | E53: ='MEMORIA CANTIDADES'!I393 -> 4 | F53: =APUS!H1725 -> 31006.25 | G53: =+ROUND(E53*F53,2) -> 124025
A54: 4.18 | B54: Tuberia PVC Conduit 1/2" | D54: ML | E54: ='MEMORIA CANTIDADES'!I405 -> 16 | F54: =APUS!H1780 -> 18340 | G54: =+ROUND(E54*F54,2) -> 293440
B55: subtotal | G55: =ROUND(SUM(G37:G54),2) -> 28851772 | H55: 0.32 | I55: =G55*H55 -> 9232567.1 | J55: 0.03 | K55: =G55*J55 -> 865553.16 | L55: 0.19 | M55: =L55*K55 -> 164455.1 | O55: =I55+M55 -> 9397022.2
A56: 5 | B56: CUBIERTA
A57: 5.1 | B57: Suministro e instalacion de correas metalicas en perfil retangular de ( 120 x 50 x 2 mm) | D57: ML | E57: ='MEMORIA CANTIDADES'!I416 -> 271.8 | F57: =APUS!H1841 -> 53550 | G57: =+ROUND(E57*F57,2) -> 14554890
A58: 5.2 | B58: Suministro e instalacion de tejas arquitectonica de Cal 28 | D58: M2 | E58: ='MEMORIA CANTIDADES'!I428 -> 205.36 | F58: =APUS!H1894 -> 69033.83 | G58: =+ROUND(E58*F58,2) -> 14176787
A59: 5.3 | B59: Suministro e instalacion de caballete arquitectonico de Cal 28 | D59: ML | E59: ='MEMORIA CANTIDADES'!I440 -> 15.1 | F59: =APUS!H1947 -> 35992.22 | G59: =+ROUND(E59*F59,2) -> 543482.52
B60: subtotal | G60: =ROUND(SUM(G57:G59),2) -> 29275160 | H60: 0.32 | I60: =G60*H60 -> 9368051.2 | J60: 0.03 | K60: =G60*J60 -> 878254.8 | L60: 0.19 | M60: =L60*K60 -> 166868.41 | O60: =I60+M60 -> 9534919.6
A61: 6 | B61: MAMPOSTERIA, ACABADOS, PINTURA Y PISOS
A62: 6.1 | B62: Muro en mamposteria en ladrillo farol No4. | D62: M2 | E62: ='MEMORIA CANTIDADES'!I465+'MEMORIA CANTIDADES'!I732 -> 323.8105 | F62: =APUS!H2000 -> 72137.12 | G62: =+ROUND(E62*F62,2) -> 23358757
A63: 6.2 | B63: Muro en mamposteria en ladrillo farol No3 | D63: M2 | E63: ='MEMORIA CANTIDADES'!I738 -> 13.209 | F63: =APUS!H2054 -> 67276 | G63: =+ROUND(E63*F63,2) -> 888648.68
A64: 6.3 | B64: Suministro y construcción de bordillo en mampostería estructural de ladrillo a la vista, h=0,50 m, con alfajía en concreto reforzado fundido en sitio | D64: ML | E64: ='MEMORIA CANTIDADES'!I832 -> 10 | F64: =APUS!H2119 -> 104540.88 | G64: =+ROUND(E64*F64,2) -> 1045408.8
A65: 6.4 | B65: aplicación de pañete interior y exterior | D65: M2 | E65: ='MEMORIA CANTIDADES'!I489+'MEMORIA CANTIDADES'!I746 -> 639.0255 | F65: =APUS!H2164 -> 35728 | G65: =+ROUND(E65*F65,2) -> 22831103
A66: 6.5 | B66: aplicación de estuco plastico | D66: M2 | E66: ='MEMORIA CANTIDADES'!I513+'MEMORIA CANTIDADES'!I754 -> 639.0255 | F66: =APUS!H2218 -> 22412.5 | G66: =+ROUND(E66*F66,2) -> 14322159
A67: 6.6 | B67: aplicación de pintura en acabado de muros | D67: M2 | E67: ='MEMORIA CANTIDADES'!I537+'MEMORIA CANTIDADES'!I762+'MEMORIA CANTIDADES'!I848 -> 1194.5159 | F67: =APUS!H2271 -> 18500 | G67: =+ROUND(E67*F67,2) -> 22098544
A68: 6.7 | B68: Instalacion de ceramica antideslizante formato 35X35 | D68: M2 | E68: ='MEMORIA CANTIDADES'!I550+'MEMORIA CANTIDADES'!I769 -> 193.6285 | F68: =APUS!H2324 -> 96075 | G68: =+ROUND(E68*F68,2) -> 18602858
A69: 6.8 | B69: Suministro e instalación de cerámica para pared 30x30 cm color blanco (incluye alistado) | D69: M2 | E69: ='MEMORIA CANTIDADES'!I776+'MEMORIA CANTIDADES'!I563 -> 61.407 | F69: =APUS!H2376 -> 95250 | G69: =+ROUND(E69*F69,2) -> 5849016.8
A70: 6.9 | B70: Guardaescoba ceramica h=7cm | D70: ML | E70: ='MEMORIA CANTIDADES'!I575+'MEMORIA CANTIDADES'!I783 -> 179.72 | F70: =APUS!H2440 -> 33834.807 | G70: =+ROUND(E70*F70,2) -> 6080791.5
B71: subtotal | G71: =ROUND(SUM(G62:G70),2) -> 1.1507729e+08 | H71: 0.32 | I71: =G71*H71 -> 36824732 | J71: 0.03 | K71: =G71*J71 -> 3452318.6 | L71: 0.19 | M71: =L71*K71 -> 655940.54 | O71: =I71+M71 -> 37480672
A72: 7 | B72: CARPINTERIA METALICA
A73: 7.1 | B73: Puerta principal en lamina cold rolled cal 18 entamborada incluye cerradura (1.00X2.10) | D73: UND | E73: ='MEMORIA CANTIDADES'!I587 -> 4 | F73: =APUS!H2484 -> 1219125 | G73: =+ROUND(E73*F73,2) -> 4876500
A74: 7.2 | B74: Puerta de baño en aluminio (1.00x2.10) | D74: UND | E74: ='MEMORIA CANTIDADES'!I599+'MEMORIA CANTIDADES'!I792 -> 5 | F74: =APUS!H2537 -> 739125 | G74: =+ROUND(E74*F74,2) -> 3695625
A75: 7.3 | B75: Puerta de baño en aluminio compuesto corrediza (0.90x2.10) | D75: UND | E75: ='MEMORIA CANTIDADES'!I799 -> 2 | F75: =APUS!H2590 -> 420406.25 | G75: =+ROUND(E75*F75,2) -> 840812.5
A76: 7.4 | B76: Ventana en aluminio tipo persiana (0.90x0.60) | D76: UND | E76: ='MEMORIA CANTIDADES'!I611 -> 4 | F76: =APUS!H2644 -> 625812.5 | G76: =+ROUND(E76*F76,2) -> 2503250
A77: 7.5 | B77: Ventana en aluminio tipo persiana (1.20x0.50) | D77: UND | E77: ='MEMORIA CANTIDADES'!I806 -> 1 | F77: =APUS!H2697 -> 376812.5 | G77: =+ROUND(E77*F77,2) -> 376812.5
A78: 7.6 | B78: Ventana en lamina Cold rolled (2.00x1.90) Corrediza incluye vidrio | D78: UND | E78: ='MEMORIA CANTIDADES'!I623 -> 4 | F78: =APUS!H2752 -> 1709150 | G78: =+ROUND(E78*F78,2) -> 6836600
A79: 7.7 | B79: Suministro e instalación de pasamanos en acero inoxidable AISI 304 con postes anclados a losa | D79: ML | E79: ='MEMORIA CANTIDADES'!I814 -> 48.74 | F79: =APUS!H2858 -> 800050 | G79: =+ROUND(E79*F79,2) -> 38994437
A80: 7.8 | B80: Suministro e instalación de pasamanos en acero inoxidable AISI 304con anclaje lateral a muro | D80: ML | E80: ='MEMORIA CANTIDADES'!I822 -> 23.85 | F80: =APUS!H2910 -> 401050 | G80: =+ROUND(E80*F80,2) -> 9565042.5
B81: subtotal | G81: =ROUND(SUM(G73:G80),2) -> 67689080 | H81: 0.32 | I81: =G81*H81 -> 21660505 | J81: 0.03 | K81: =G81*J81 -> 2030672.4 | L81: 0.19 | M81: =L81*K81 -> 385827.75 | O81: =I81+M81 -> 22046333
A83: TOTAL COSTO DIRECTO | G83: =G23+G27+G35+G55+G60+G71+G81 -> 3.4462083e+08
A84: ADMINISTRACIÓN | F84: 0.28 | G84: =ROUND(F84*$G$83,2) -> 96493833
A85: IMPREVISTOS | F85: 0.01 | G85: =ROUND(F85*$G$83,2) -> 3446208.3
A86: UTILIDAD | F86: 0.03 | G86: =ROUND(F86*$G$83,2) -> 10338625
A87: TOTAL COSTO INDIRECTO | G87: =SUM(G84:G86) -> 1.1027867e+08 | J87: 420000000
A88: TOTAL OBRA | G88: =ROUND(G83+G87,2) -> 4.548995e+08 | H88: 73772147 | I88: =G88-H88 -> 3.8112735e+08 | J88: =J87-G88 -> -34899498
B93: _________________________________________
B94: REALIZO: ING JEISSON ARLED BUESAQUILLO | E94: ARQ. GUILLERMO YAMID VALLEJOS BENAVIDES
B95: Apoyo Profesional SPOPM | E95: SECRETARIO DE PLANEACION Y OBRAS PUBLICAS
E96: SAN MIGUEL - PUTUMAYO

Sheet MEMORIA CANTIDADES
C1: SECRETARIA DE PLANEACIÓN Y OBRAS PÚBLICAS | E1: CODIGO | G1: 103
E2: SERIE Y SUBSERIE | G2: 51
C3: NIT. 800252922-2
C4: Modelo Integrado de Planeación y Gestión | E4: VERSIÓN | G4: 1
C5: PRESUPUESTO | E5: FECHA DEL FORMATO | G5: D/M/A
G6: 44216
A8: =PRESUPUESTO!A8 -> AMPLIACIÓN DE MÓDULOS HABITACIONALES Y ÁREAS COMPLEMENTARIAS PARA CENTRO DE BIENESTAR EL BUEN SAMARITANO Y CENTRO DÍA DE PUERTO COLÓN DEL MUNICIPIO DE SAN MIGUEL, PUTUMAYO.
A12: MEMORIA DE CANTIDADES
A14: CONSTRUCCION CASA HABITACIONAL CENTRO DIA
A16: ITEM | C16: =VLOOKUP(A17,PRESUPUESTO!$A$14:$G$83,2,) -> localizacion y replanteo | I16: UNIDAD
A17: 1.1 | I17: =VLOOKUP(A17,PRESUPUESTO!$A$14:$G$83,4,) -> M2
A18: DESCRIPCION | D18: ANCHO | E18: LONGITUD | F18: ALTO | G18: CANTIDAD | I18: TOTAL
A19: AREA DE INTERVENCION | C19: PROPUESTA AMPLIACION AREA | D19: 12.65 | E19: 11.98 | I19: =D19*E19 -> 151.547
A20: AREA DE INTERVENCION | C20: PASILLO | D20: 2.38 | E20: 12.65 | I20: =D20*E20 -> 30.107
A24: TOTAL | I24: =SUM(I19:I23) -> 181.654
A26: ITEM | C26: =VLOOKUP(A27,PRESUPUESTO!$A$14:$G$83,2,) -> Excavacion Manual Localizada (incluye retiro) | I26: UNIDAD
A27: 2.1 | I27: =VLOOKUP(A27,PRESUPUESTO!$A$14:$G$83,4,) -> M3
A28: DESCRIPCION | D28: ANCHO | E28: LONGITUD | F28: ALTO | G28: No. ELEM. | I28: TOTAL
A29: EXCAVACION CICLOPEO | C29: EXCAVACION EJE 1 DESDE A HASTA I | D29: 0.4 | E29: 12.65 | F29: 0.8 | G29: 1 | I29: =D29*E29*F29*G29 -> 4.048
A30: EXCAVACION CICLOPEO | C30: EXCAVACION EJE 7 DESDE A HASTA H | D30: 0.4 | E30: 10.5 | F30: 0.8 | G30: 1 | I30: =D30*E30*F30*G30 -> 3.36
A31: EXCAVACION CICLOPEO | C31: EXCAVACION EJE 9 DESDE A HASTA H | D31: 0.4 | E31: 10.5 | F31: 0.8 | G31: 1 | I31: =D31*E31*F31*G31 -> 3.36
A32: EXCAVACION CICLOPEO | C32: EXCAVACION EJE 14 DESDE A HASTA I | D32: 0.4 | E32: 12.65 | F32: 0.8 | G32: 1 | I32: =D32*E32*F32*G32 -> 4.048
A33: EXCAVACION CICLOPEO | C33: EXCAVACION EJE A DESDE 1 HASTA 14 | D33: 0.4 | E33: 11.98 | F33: 0.8 | G33: 1 | I33: =D33*E33*F33*G33 -> 3.8336
A34: EXCAVACION CICLOPEO | C34: EXCAVACION EJE E DESDE 1 HASTA 14 | D34: 0.4 | E34: 11.98 | F34: 0.8 | G34: 1 | I34: =D34*E34*F34*G34 -> 3.8336
A35: EXCAVACION CICLOPEO | C35: EXCAVACION EJE I DESDE 1 HASTA 14 | D35: 0.4 | E35: 11.98 | F35: 0.8 | G35: 1 | I35: =D35*E35*F35*G35 -> 3.8336
A36: EXCAVACION CICLOPEO | C36: EXCAVACION EJE B DESDE 2 HASTA 13 | D36: 0.4 | E36: 6.8 | F36: 0.8 | G36: 1 | I36: =D36*E36*F36*G36 -> 2.176
A37: EXCAVACION CICLOPEO | C37: EXCAVACION EJE 2 DESDE A HASTA B | D37: 0.4 | E37: 2.3 | F37: 0.8 | G37: 1 | I37: =D37*E37*F37*G37 -> 0.736
A38: EXCAVACION CICLOPEO | C38: EXCAVACION EJE 13 DESDE A HASTA B | D38: 0.4 | E38: 2.3 | F38: 0.8 | G38: 1 | I38: =D38*E38*F38*G38 -> 0.736
A39: EXCAVACION CICLOPEO | C39: EXCAVACION EJE H DESDE 3 HASTA 12 | D39: 0.4 | E39: 6 | F39: 0.8 | G39: 1 | I39: =D39*E39*F39*G39 -> 1.92
A40: EXCAVACION CICLOPEO | C40: EXCAVACION EJE 3 DESDE H HASTA I | D40: 0.4 | E40: 2.3 | F40: 0.8 | G40: 1 | I40: =D40*E40*F40*G40 -> 0.736
... A44: EXCAVACION CICLOPEO | C44: EXCAVACION 15 | D44: 0.4 | E44: 12.65 | F44: 0.8 | G44: 1 | I44: =D44*E44*F44*G44 -> 4.048
A46: TOTAL | I46: =SUM(I29:I45) -> 39.7408
A48: ITEM | C48: =VLOOKUP(A49,PRESUPUESTO!$A$14:$G$83,2,) -> Suministro, instalacion y compactacion de material seleccionado | I48: UNIDAD
A49: 2.2 | I49: =VLOOKUP(A49,PRESUPUESTO!$A$14:$G$83,4,) -> M3
A50: DESCRIPCION | D50: ANCHO | E50: LARGO | F50: ALTO | G50: No. ELEM. | I50: TOTAL
A51: AREA DE INTERVENCION | C51: PROPUESTA AMPLIACION AREA 1 | D51: 12.65 | E51: 11.98 | F51: 0.35 | G51: 1 | I51: =D51*E51*F51*G51 -> 53.04145
A52: AREA DE INTERVENCION | C52: PASILLO | D52: 2.5 | E52: 12.65 | F52: 0.35 | G52: 1 | I52: =D52*E52*F52*G52 -> 11.06875
A57: TOTAL | I57: =SUM(I51:I56) -> 64.1102
A59: ITEM | C59: =VLOOKUP(A60,PRESUPUESTO!$A$14:$G$83,2,) -> Viga de cimentacion de (30x35cm) en concreto 3000 PSI | I59: UNIDAD
A60: 3.1 | I60: =VLOOKUP(A60,PRESUPUESTO!$A$14:$G$83,4,) -> ML
A61: DESCRIPCION | D61: ANCHO | E61: LARGO | F61: ALTO | G61: No. ELEM. | I61: TOTAL
A62: CIMENTACION | C62: VIGA EJE 1 DESDE A HASTA I | E62: 12.65 | G62: 1 | I62: =E62*G62 -> 12.65
A63: CIMENTACION | C63: VIGA EJE 7 DESDE A HASTA H | E63: 10.5 | G63: 1 | I63: =E63*G63 -> 10.5
A64: CIMENTACION | C64: VIGA EJE 9 DESDE A HASTA H | E64: 10.5 | G64: 1 | I64: =E64*G64 -> 10.5
A65: CIMENTACION | C65: VIGA EJE 14 DESDE A HASTA I | E65: 12.65 | G65: 1 | I65: =E65*G65 -> 12.65
A66: CIMENTACION | C66: VIGA EJE A DESDE 1 HASTA 14 | E66: 11.98 | G66: 1 | I66: =E66*G66 -> 11.98
A67: CIMENTACION | C67: VIGA EJE E DESDE 1 HASTA 14 | E67: 11.98 | G67: 1 | I67: =E67*G67 -> 11.98
A68: CIMENTACION | C68: VIGA EJE I DESDE 1 HASTA 14 | E68: 11.98 | G68: 1 | I68: =E68*G68 -> 11.98
A69: CIMENTACION | C69: VIGA EJE B DESDE 2 HASTA 13 | E69: 6.8 | G69: 1 | I69: =E69*G69 -> 6.8
A70: CIMENTACION | C70: VIGA EJE 2 DESDE A HASTA B | E70: 2.3 | G70: 1 | I70: =E70*G70 -> 2.3
A71: CIMENTACION | C71: VIGA EJE 13 DESDE A HASTA B | E71: 2.3 | G71: 1 | I71: =E71*G71 -> 2.3
A72: CIMENTACION | C72: VIGA EJE H DESDE 3 HASTA 12 | E72: 6 | G72: 1 | I72: =E72*G72 -> 6
A73: CIMENTACION | C73: VIGA EJE 3 DESDE H HASTA I | E73: 2.3 | G73: 1 | I73: =E73*G73 -> 2.3
... A75: CIMENTACION | C75: VIGA EJE 12 DESDE A HASTA B | E75: 2.3 | G75: 1 | I75: =E75*G75 -> 2.3
A79: TOTAL | I79: =SUM(I62:I78) -> 106.54
A81: ITEM | C81: =VLOOKUP(A82,PRESUPUESTO!$A$14:$G$83,2,) -> Vigas de corona de (12x20cm ) en concreto de 3000 PSI | I81: UNIDAD
A82: 3.2 | I82: =VLOOKUP(A82,PRESUPUESTO!$A$14:$G$83,4,) -> ML
A83: DESCRIPCION | D83: ANCHO | E83: LARGO | F83: ALTO | G83: No. ELEM. | I83: TOTAL
A84: VIGA DE CORONA | C84: VIGA EJE 1 DESDE A HASTA I | E84: 12.65 | G84: 1 | I84: =E84*G84 -> 12.65
A85: VIGA DE CORONA | C85: VIGA EJE 7 DESDE A HASTA H | E85: 10.5 | G85: 1 | I85: =E85*G85 -> 10.5
A86: VIGA DE CORONA | C86: VIGA EJE 9 DESDE A HASTA H | E86: 10.5 | G86: 1 | I86: =E86*G86 -> 10.5
A87: VIGA DE CORONA | C87: VIGA EJE 14 DESDE A HASTA I | E87: 12.65 | G87: 1 | I87: =E87*G87 -> 12.65
A88: VIGA DE CORONA | C88: VIGA EJE A DESDE 1 HASTA 14 | E88: =0.5+11.98 -> 12.48 | G88: 1 | I88: =E88*G88 -> 12.48
A89: VIGA DE CORONA | C89: VIGA EJE E DESDE 1 HASTA 14 | E89: =0.5+11.98 -> 12.48 | G89: 1 | I89: =E89*G89 -> 12.48
A90: VIGA DE CORONA | C90: VIGA EJE I DESDE 1 HASTA 14 | E90: =0.5+11.98 -> 12.48 | G90: 1 | I90: =E90*G90 -> 12.48
A91: VIGA DE CORONA | C91: VIGA EJE B DESDE 2 HASTA 13 | E91: 6.8 | G91: 1 | I91: =E91*G91 -> 6.8
A92: VIGA DE CORONA | C92: VIGA EJE 2 DESDE A HASTA B | E92: 2.3 | G92: 1 | I92: =E92*G92 -> 2.3
A93: VIGA DE CORONA | C93: VIGA EJE 13 DESDE A HASTA B | E93: 2.3 | G93: 1 | I93: =E93*G93 -> 2.3
A94: VIGA DE CORONA | C94: VIGA EJE H DESDE 3 HASTA 12 | E94: 6 | G94: 1 | I94: =E94*G94 -> 6
A95: VIGA DE CORONA | C95: VIGA EJE 3 DESDE H HASTA I | E95: 2.3 | G95: 1 | I95: =E95*G95 -> 2.3
A96: VIGA DE CORONA | C96: VIGA EJE 7 DESDE H HASTA I | E96: 2.3 | G96: 1 | I96: =E96*G96 -> 2.3
A97: VIGA DE CORONA | C97: VIGA EJE 12 DESDE A HASTA B | E97: 2.3 | G97: 1 | I97: =E97*G97 -> 2.3
A99: TOTAL | I99: =SUM(I84:I98) -> 108.04
A101: ITEM | C101: =VLOOKUP(A102,PRESUPUESTO!$A$14:$G$83,2,) -> Columnetas de confinamiento de (12x20cm) en concreto de 3000 PSI | I101: UNIDAD
A102: 3.3 | I102: =VLOOKUP(A102,PRESUPUESTO!$A$14:$G$83,4,) -> ML
A103: DESCRIPCION | D103: ANCHO | E103: LARGO | F103: ALTO | G103: No. ELEM. | I103: TOTAL
A104: COLUMNETAS | C104: EJE 1 | F104: 3.18 | G104: 7 | I104: =F104*G104 -> 22.26
A105: COLUMNETAS | C105: EJE 2 | F105: 3.6 | G105: 3 | I105: =F105*G105 -> 10.8
A106: COLUMNETAS | C106: EJE 3 | F106: 3.65 | G106: 2 | I106: =F106*G106 -> 7.3
A107: COLUMNETAS | C107: EJE 4 | F107: 3.91 | G107: 4 | I107: =F107*G107 -> 15.64
A108: COLUMNETAS | C108: EJE 7 | F108: 3.96 | G108: 6 | I108: =F108*G108 -> 23.76
A109: COLUMNETAS | C109: EJE 8 | F109: 4.1 | G109: 2 | I109: =F109*G109 -> 8.2
A110: COLUMNETAS | C110: EJE 9 | F110: 3.96 | G110: 6 | I110: =F110*G110 -> 23.76
A111: COLUMNETAS | C111: EJE 12 | F111: 3.65 | G111: 2 | I111: =F111*G111 -> 7.3
A112: COLUMNETAS | C112: EJE 13 | F112: 3.59 | G112: 3 | I112: =F112*G112 -> 10.77
A113: COLUMNETAS | C113: EJE 14 | F113: 3.18 | G113: 7 | I113: =F113*G113 -> 22.26
A114: TOTAL | I114: =SUM(I104:I113) -> 152.05
A116: ITEM | C116: =VLOOKUP(A117,PRESUPUESTO!$A$14:$G$83,2,) -> Acero de refuerzo Fy= 420 mpa | I116: UNIDAD
A117: 3.4 | I117: =VLOOKUP(A117,PRESUPUESTO!$A$14:$G$83,4,) -> KG
A118: DESCRIPCION | D118: LONGITUD O AREA | E118: KG/ML O KG/M2 | F118: KG | G118: No. ELEM. | H118: CANTIDAD | I118: TOTAL
A119: VIGA CIMENTACION 30X35 | C119: VIGA EJE 1 Y EJE 14 ACERO 1/2" | D119: =12.65*1.1 -> 13.915 | E119: 1 | F119: =D119*E119 -> 13.915 | G119: 4 | H119: 2 | I119: =F119*G119*H119 -> 111.32
A120: VIGA CIMENTACION 30X35 | C120: VIGA EJE 1 Y EJE 14 ACERO 3/8" | D120: 1.15 | E120: 0.56 | F120: =D120*E120 -> 0.644 | G120: 98 | H120: 2 | I120: =F120*G120*H120 -> 126.224
A121: VIGA CIMENTACION 30X35 | C121: VIGA EJE A, EJE E Y EJE I ACERO 1/2" | D121: =11.98*1.1 -> 13.178 | E121: 1 | F121: =D121*E121 -> 13.178 | G121: 4 | H121: 3 | I121: =F121*G121*H121 -> 158.136
A122: VIGA CIMENTACION 30X35 | C122: VIGA EJE A, EJE E Y EJE I ACERO 3/8" | D122: 1.15 | E122: 0.56 | F122: =D122*E122 -> 0.644 | G122: 94 | H122: 3 | I122: =F122*G122*H122 -> 181.608
A123: VIGA CIMENTACION 30X35 | C123: VIGA EJE 7 Y EJE 9 ACERO 1/2" | D123: =10.5*1.1 -> 11.55 | E123: 1 | F123: =D123*E123 -> 11.55 | G123: 4 | H123: 2 | I123: =F123*G123*H123 -> 92.4
A124: VIGA CIMENTACION 30X35 | C124: VIGA EJE 7 Y EJE 9 ACERO 3/8" | D124: 1.15 | E124: 0.56 | F124: =D124*E124 -> 0.644 | G124: 81 | H124: 2 | I124: =F124*G124*H124 -> 104.328
A125: VIGA CIMENTACION 30X35 | C125: VIGA EJE B ACERO 1/2" | D125: =6.8*1.1 -> 7.48 | E125: 1 | F125: =D125*E125 -> 7.48 | G125: 4 | H125: 1 | I125: =F125*G125*H125 -> 29.92
A126: VIGA CIMENTACION 30X35 | C126: VIGA EJE B ACERO 3/8" | D126: 1.15 | E126: 0.56 | F126: =D126*E126 -> 0.644 | G126: 52 | H126: 1 | I126: =F126*G126*H126 -> 33.488
A127: VIGA CIMENTACION 30X35 | C127: VIGA EJE H ACERO 1/2" | D127: =6*1.1 -> 6.6 | E127: 1 | F127: =D127*E127 -> 6.6 | G127: 4 | H127: 1 | I127: =F127*G127*H127 -> 26.4
A128: VIGA CIMENTACION 30X35 | C128: VIGA EJE H ACERO 3/8" | D128: 1.15 | E128: 0.56 | F128: =D128*E128 -> 0.644 | G128: 47 | H128: 1 | I128: =F128*G128*H128 -> 30.268
...

Sheet APUS
C1: SECRETARIA DE PLANEACIÓN Y OBRAS PÚBLICAS | D1: CODIGO | F1: 103
D2: SERIE Y SUBSERIE | F2: 51
C3: NIT. 800252922-2
C4: Modelo Integrado de Planeación y Gestión | D4: VERSIÓN | F4: 1
C5: PRESUPUESTO | D5: FECHA DEL FORMATO | F5: D/M/A
F6: =[10]PRESUPUESTO!F6 -> 45402
A8: =PRESUPUESTO!A8 -> AMPLIACIÓN DE MÓDULOS HABITACIONALES Y ÁREAS COMPLEMENTARIAS PARA CENTRO DE BIENESTAR EL BUEN SAMARITANO Y CENTRO DÍA DE PUERTO COLÓN DEL MUNICIPIO DE SAN MIGUEL, PUTUMAYO.
A11: 1.1 | B11: =VLOOKUP(A11,PRESUPUESTO!$A$14:$G$71,2,) -> localizacion y replanteo | G11: Unidad: | H11: =VLOOKUP(A11,PRESUPUESTO!$A$14:$G$71,4,) -> M2
A13: I | B13: EQUIPO
B14: DESCRIPCIÓN | D14: Tipo | E14: Tarifa/Hora | F14: Rend | G14: V. Unitario.
B15: Herremienta menor | F15: 0.1 | G15: =ROUND(H29*F15,2) -> 369.44
G16: =E16*F16 -> 0
E17: SUBTOTAL. | H17: =ROUND(SUM(G15:G16),2) -> 369.44
A18: II | B18: MATERIALES EN OBRA.
B19: DESCRIPCIÓN | D19: Unidad | E19: Cant. | F19: Precio Unit. | G19: V. Unitario.
B20: estacas | D20: und | E20: 0.5 | F20: 10000 | G20: =E20*F20 -> 5000 | K20: may
B21: puntillas | D21: lb | E21: 0.02 | F21: 5000 | G21: =E21*F21 -> 100
B22: nylon en rollo | D22: und | E22: 0.01 | F22: 6200 | G22: =E22*F22 -> 62
E23: SUBTOTAL | H23: =ROUND(SUM(G20:G22),2) -> 5162
A24: III | B24: MANO DE OBRA.
A25: CAN | B25: DESCRIPCIÓN | C25: Jornal | D25: Prestac | E25: Jornal Total | F25: Redn M2/Dia | G25: V. Unitario.
A26: 1 | B26: Oficial de obra | C26: 120000 | D26: 0.75 | E26: =+(A26*C26)+(A26*C26*D26) -> 210000 | F26: 90 | G26: =ROUND(E26/(F26),2) -> 2333.33
A27: 1 | B27: Ayudante de obra | C27: 70000 | D27: 0.75 | E27: =+(A27*C27)+(A27*C27*D27) -> 122500 | F27: 90 | G27: =ROUND(E27/(F27),2) -> 1361.11
E29: SUBTOTAL | H29: =ROUND(SUM(G26)+(G27),2) -> 3694.44
A30: IV | B30: TRANSPORTE
B31: DESCRIPCIÓN | C31: Unidad | D31: Cantidad | E31: Prec.Unitario | G31: Vr. Unitario
E35: SUBTOTAL | H35: =ROUND(SUM(G32)+(G33),0) -> 0
D37: TOTAL COSTOS DIRECTOS. | H37: =ROUND(SUM(H17:H36),2) -> 9225.88
A39: V | B39: COSTOS INDIRECTOS.
B40: DESCRIPCIÓN | D40: % | F40: V. UNITARIO
B41: ADMINISTRACIÓN | D41: 0.28 | F41: =+H37*D41 -> 2583.2464
B42: IMPREVISTOS | D42: 0.01 | F42: =+H37*D42 -> 92.2588
B43: UTILIDAD | D43: 0.03 | F43: =+H37*D43 -> 276.7764
B44: IVA SOBRE UTILIDAD | D44: 0.19 | F44: =D44*F43 -> 52.587516
D45: TOTAL COSTOS INDIRECTOS | H45: =SUM(F41:G44) -> 3004.8691
D47: TOTAL PRECIO UNITARIO. | H47: =H37+H45 -> 12230.749
A51: Reviso: | B51: Ing. Jeisson Arled Buesaquillo Madroñero | E51: ARQ. GUILLERMO YAMID VALLEJOS BENAVIDES
A52: Apoyo Profesional SPOPM | E52: =+$E$52 -> SECRETARIO DE PLANEACION Y OBRAS PUBLICAS
E53: =+$E$53 -> SAN MIGUEL - PUTUMAYO
C54: SECRETARIA DE PLANEACIÓN Y OBRAS PÚBLICAS | D54: CODIGO | F54: 103
D55: SERIE Y SUBSERIE | F55: 51
C56: NIT. 800252922-2
C57: Modelo Integrado de Planeación y Gestión | D57: VERSIÓN | F57: 1
C58: PRESUPUESTO | D58: FECHA DEL FORMATO | F58: D/M/A
F59: =$F$6 -> 45402
A61: 1.2 | B61: =VLOOKUP(A61,PRESUPUESTO!$A$14:$G$71,2,) -> Desmonte de pasamanos metálico auto portante con anclaje a piso existente y anclaje lateral a muro existente | G61: Unidad: | H61: =VLOOKUP(A61,PRESUPUESTO!$A$14:$G$71,4,) -> ML
A63: I | B63: EQUIPO
B64: DESCRIPCIÓN | D64: Tipo | E64: Tarifa/Dia | F64: Cant | G64: V. Unitario.
B65: Herremienta menor | F65: 0.1 | G65: =ROUND((H75*F65),2) -> 0
B66: Esmeril | D66: dia | E66: 50000 | F66: 0.1 | G66: =F66*E66 -> 5000
E67: SUBTOTAL. | H67: =ROUND(SUM(G65:G66),2) -> 5000
A68: II | B68: MATERIALES EN OBRA.
B69: DESCRIPCIÓN | D69: Unidad | E69: Cant. | F69: Precio Unit. | G69: V. Unitario.
B70: Disco de corte para metal 4 1/2" | D70: Und | E70: 0.1 | F70: 12000 | G70: =ROUND((E70*F70),2) -> 1200
E72: SUBTOTAL | H72: =ROUND(SUM(G70:G71),2) -> 1200
A73: III | B73: MANO DE OBRA.
A74: CAN | B74: DESCRIPCIÓN | C74: Jornal | D74: Prestac | E74: Jornal Total | F74: Redn ML/Dia | G74: V. Unitario.
A75: 1 | B75: Oficial de obra | C75: 120000 | D75: 0.75 | E75: =+(A75*C75)+(A75*C75*D75) -> 210000 | F75: 50 | G75: =ROUND(E75/(F75),2) -> 4200
A76: 2 | B76: Ayudante de obra | C76: 70000 | D76: 0.75 | E76: =+(A76*C76)+(A76*C76*D76) -> 245000 | F76: 50 | G76: =ROUND(E76/(F76),2) -> 4900
E78: SUBTOTAL | H78: =ROUND(SUM(G75)+(G76),2) -> 9100
A79: IV | B79: TRANSPORTE
B80: DESCRIPCIÓN | C80: Unidad | D80: Cantidad | E80: Prec.Unitario | G80: Vr. Unitario
G81: =D81*E81 -> 0
E84: SUBTOTAL | H84: =ROUND(SUM(G81)+(G82),0) -> 0
D86: TOTAL COSTOS DIRECTOS. | H86: =ROUND(SUM(H67:H85),2) -> 15300
A88: V | B88: COSTOS INDIRECTOS.
B89: DESCRIPCIÓN | D89: % | F89: V. UNITARIO
B90: ADMINISTRACIÓN | D90: 0.28 | F90: =+H86*D90 -> 4284
B91: IMPREVISTOS | D91: 0.01 | F91: =+H86*D91 -> 153
B92: UTILIDAD | D92: 0.03 | F92: =+H86*D92 -> 459
B93: IVA SOBRE UTILIDAD | D93: 0.19 | F93: =D93*F92 -> 87.21
D94: TOTAL COSTOS INDIRECTOS | H94: =SUM(F90:G93) -> 4983.21
D96: TOTAL PRECIO UNITARIO. | H96: =H86+H94 -> 20283.21
A100: Reviso: | B100: Ing. Jeisson Arled Buesaquillo Madroñero | E100: ARQ. GUILLERMO YAMID VALLEJOS BENAVIDES
A101: Apoyo Profesional SPOPM | E101: =+$E$52 -> SECRETARIO DE PLANEACION Y OBRAS PUBLICAS
E102: =+$E$53 -> SAN MIGUEL - PUTUMAYO
C104: SECRETARIA DE PLANEACIÓN Y OBRAS PÚBLICAS | D104: CODIGO | F104: 103
D105: SERIE Y SUBSERIE | F105: 51
C106: NIT. 800252922-2
C107: Modelo Integrado de Planeación y Gestión | D107: VERSIÓN | F107: 1
C108: PRESUPUESTO | D108: FECHA DEL FORMATO | F108: D/M/A
F109: =$F$6 -> 45402
A111: 1.3 | B111: =VLOOKUP(A111,PRESUPUESTO!$A$14:$G$71,2,) -> Desmonte de cabinas metálicas existentes | G111: Unidad: | H111: =VLOOKUP(A111,PRESUPUESTO!$A$14:$G$71,4,) -> UND
A113: I | B113: EQUIPO
B114: DESCRIPCIÓN | D114: Tipo | E114: Tarifa/Dia | F114: Cant | G114: V. Unitario.
B115: Herremienta menor | F115: 0.1 | G115: =ROUND(H128*F115,2) -> 568.75
B116: Esmeril | D116: dia | E116: 50000 | F116: 0.1 | G116: =F116*E116 -> 5000
E117: SUBTOTAL. | H117: =ROUND(SUM(G115:G116),2) -> 5568.75
A118: II | B118: MATERIALES EN OBRA.
B119: DESCRIPCIÓN | D119: Unidad | E119: Cant. | F119: Precio Unit. | G119: V. Unitario.
B120: Disco de corte para metal 4 1/2" | D120: Und | E120: 0.1 | F120: 12000 | G120: =ROUND((E120*F120),2) -> 1200
E122: SUBTOTAL | H122: =ROUND(SUM(G120:G121),2) -> 1200
A123: III | B123: MANO DE OBRA.
A124: CAN | B124: DESCRIPCIÓN | C124: Jornal | D124: Prestac | E124: Jornal Total | F124: Redn Und/Dia | G124: V. Unitario.
A125: 1 | B125: Oficial de obra | C125: 120000 | D125: 0.75 | E125: =+(A125*C125)+(A125*C125*D125) -> 210000 | F125: 80 | G125: =ROUND(E125/(F125),2) -> 2625
A126: 2 | B126: Ayudante de obra | C126: 70000 | D126: 0.75 | E126: =+(A126*C126)+(A126*C126*D126) -> 245000 | F126: 80 | G126: =ROUND(E126/(F126),2) -> 3062.5
E128: SUBTOTAL | H128: =ROUND(SUM(G125)+(G126),2) -> 5687.5
A129: IV | B129: TRANSPORTE
B130: DESCRIPCIÓN | C130: Unidad | D130: Cantidad | E130: Prec.Unitario | G130: Vr. Unitario
G131: =D131*E131 -> 0
...

Sheet FLUJO DE INVERSION 
C1: SECRETARIA DE PLANEACIÓN Y OBRAS PÚBLICAS | J1: CODIGO | L1: 103
J2: SERIE Y SUBSERIE | L2: 51
C3: NIT. 800252922-2
C4: Modelo Integrado de Planeación y Gestión | J4: VERSIÓN | L4: 1
C5: PRESUPUESTO | J5: FECHA DEL FORMATO | L5: D/M/A
L6: 44216
A8: =PRESUPUESTO!A8 -> AMPLIACIÓN DE MÓDULOS HABITACIONALES Y ÁREAS COMPLEMENTARIAS PARA CENTRO DE BIENESTAR EL BUEN SAMARITANO Y CENTRO DÍA DE PUERTO COLÓN DEL MUNICIPIO DE SAN MIGUEL, PUTUMAYO.
A11: FLUJO DE INVERSION
I12: MES 1 | M12: MES 2
I13: SEMANA 1 | J13: SEMANA 2 | K13: SEMANA 3 | L13: SEMANA 4 | M13: SEMANA 5 | N13: SEMANA 6
A14: ITEM | B14: DESCRIPCION | D14: UNIDAD | E14: CANTIDAD | F14: V/UNITARIO | G14: V/TOTAL | H14: %
A15: 1 | B15: =PRESUPUESTO!B14 -> PRELIMINARES
A16: 1.1 | B16: =VLOOKUP(A16,PRESUPUESTO!$A$14:$G$84,2,) -> localizacion y replanteo | D16: =VLOOKUP(A16,PRESUPUESTO!$A$14:$G$84,4,) -> M2 | E16: =VLOOKUP(A16,PRESUPUESTO!$A$14:$G$84,5,) -> 181.654 | F16: =VLOOKUP(A16,PRESUPUESTO!$A$14:$G$84,6,) -> 9225.88 | G16: =+ROUND(E16*F16,2) -> 1675918 | H16: =G16/$G$77 -> 0.0048630781 | I16: =G16/1 -> 1675918
A17: 1.2 | B17: =VLOOKUP(A17,PRESUPUESTO!$A$14:$G$84,2,) -> Desmonte de pasamanos metálico auto portante con anclaje a piso existente y anclaje lateral a muro existente | D17: =VLOOKUP(A17,PRESUPUESTO!$A$14:$G$84,4,) -> ML | E17: =VLOOKUP(A17,PRESUPUESTO!$A$14:$G$84,5,) -> 52.85 | F17: =VLOOKUP(A17,PRESUPUESTO!$A$14:$G$84,6,) -> 15300 | G17: =+ROUND(E17*F17,2) -> 808605 | H17: =G17/$G$77 -> 0.0023463614 | I17: =G17/1 -> 808605
A18: =PRESUPUESTO!A17 -> 1.3 | B18: =VLOOKUP(A18,PRESUPUESTO!$A$14:$G$84,2,) -> Desmonte de cabinas metálicas existentes | D18: =VLOOKUP(A18,PRESUPUESTO!$A$14:$G$84,4,) -> UND | E18: =VLOOKUP(A18,PRESUPUESTO!$A$14:$G$84,5,) -> 4 | F18: =VLOOKUP(A18,PRESUPUESTO!$A$14:$G$84,6,) -> 12456.25 | G18: =+ROUND(E18*F18,2) -> 49825 | H18: =G18/$G$77 -> 0.00014457919 | I18: =G18/1 -> 49825
A19: 1.4 | B19: =VLOOKUP(A19,PRESUPUESTO!$A$14:$G$84,2,) -> Desmonte de unidades sanitarias y lavamanos existentes | D19: =VLOOKUP(A19,PRESUPUESTO!$A$14:$G$84,4,) -> UND | E19: =VLOOKUP(A19,PRESUPUESTO!$A$14:$G$84,5,) -> 7 | F19: =VLOOKUP(A19,PRESUPUESTO!$A$14:$G$84,6,) -> 25025 | G19: =+ROUND(E19*F19,2) -> 175175 | H19: =G19/$G$77 -> 0.00050831228 | I19: =G19/1 -> 175175
A20: 1.5 | B20: =VLOOKUP(A20,PRESUPUESTO!$A$14:$G$84,2,) -> Demolición de enchape de piso existente | D20: =VLOOKUP(A20,PRESUPUESTO!$A$14:$G$84,4,) -> M2 | E20: =VLOOKUP(A20,PRESUPUESTO!$A$14:$G$84,5,) -> 19.2625 | F20: =VLOOKUP(A20,PRESUPUESTO!$A$14:$G$84,6,) -> 25800 | G20: =+ROUND(E20*F20,2) -> 496972.5 | H20: =G20/$G$77 -> 0.0014420849 | I20: =G20/1 -> 496972.5
A21: =PRESUPUESTO!A20 -> 1.6 | B21: =VLOOKUP(A21,PRESUPUESTO!$A$14:$G$84,2,) -> Demolicion de enchape de muro existente | D21: =VLOOKUP(A21,PRESUPUESTO!$A$14:$G$84,4,) -> M2 | E21: =VLOOKUP(A21,PRESUPUESTO!$A$14:$G$84,5,) -> 25.8 | F21: =VLOOKUP(A21,PRESUPUESTO!$A$14:$G$84,6,) -> 24300 | G21: =+ROUND(E21*F21,2) -> 626940 | H21: =G21/$G$77 -> 0.0018192168 | I21: =G21/1 -> 626940
A22: 1.7 | B22: =VLOOKUP(A22,PRESUPUESTO!$A$14:$G$84,2,) -> Demolición manual de muro de baño | D22: =VLOOKUP(A22,PRESUPUESTO!$A$14:$G$84,4,) -> M2 | E22: =VLOOKUP(A22,PRESUPUESTO!$A$14:$G$84,5,) -> 2.7 | F22: =VLOOKUP(A22,PRESUPUESTO!$A$14:$G$84,6,) -> 38300 | G22: =+ROUND(E22*F22,2) -> 103410 | H22: =G22/$G$77 -> 0.00030006892 | I22: =G22/1 -> 103410
A23: 1.8 | B23: =VLOOKUP(A23,PRESUPUESTO!$A$14:$G$84,2,) -> Retiro y disposicion de material sobrante | D23: =VLOOKUP(A23,PRESUPUESTO!$A$14:$G$84,4,) -> M3 | E23: =VLOOKUP(A23,PRESUPUESTO!$A$14:$G$84,5,) -> 46.9525 | F23: =VLOOKUP(A23,PRESUPUESTO!$A$14:$G$84,6,) -> 34383.34 | G23: =+ROUND(E23*F23,2) -> 1614383.8 | H23: =G23/$G$77 -> 0.0046845217 | I23: =G23/1 -> 1614383.8
A24: 2 | B24: =PRESUPUESTO!B24 -> MOVIMIENTO DE TIERRAS
A25: 2.1 | B25: =VLOOKUP(A25,PRESUPUESTO!$A$14:$G$84,2,) -> Excavacion Manual Localizada (incluye retiro) | D25: =VLOOKUP(A25,PRESUPUESTO!$A$14:$G$84,4,) -> M3 | E25: =VLOOKUP(A25,PRESUPUESTO!$A$14:$G$84,5,) -> 39.7408 | F25: =VLOOKUP(A25,PRESUPUESTO!$A$14:$G$84,6,) -> 60050 | G25: =+ROUND(E25*F25,2) -> 2386435 | H25: =G25/$G$77 -> 0.0069248137 | I25: =G25/1 -> 2386435
A26: 2.2 | B26: =VLOOKUP(A26,PRESUPUESTO!$A$14:$G$84,2,) -> Suministro, instalacion y compactacion de material seleccionado | D26: =VLOOKUP(A26,PRESUPUESTO!$A$14:$G$84,4,) -> M3 | E26: =VLOOKUP(A26,PRESUPUESTO!$A$14:$G$84,5,) -> 64.1102 | F26: =VLOOKUP(A26,PRESUPUESTO!$A$14:$G$84,6,) -> 110130 | G26: =+ROUND(E26*F26,2) -> 7060456.3 | H26: =G26/$G$77 -> 0.020487607 | J26: =G26/1 -> 7060456.3
A27: 3 | B27: =PRESUPUESTO!B28 -> CONCRETOS Y ACEROS
A28: 3.1 | B28: =VLOOKUP(A28,PRESUPUESTO!$A$14:$G$84,2,) -> Viga de cimentacion de (30x35cm) en concreto 3000 PSI | D28: =VLOOKUP(A28,PRESUPUESTO!$A$14:$G$84,4,) -> ML | E28: =VLOOKUP(A28,PRESUPUESTO!$A$14:$G$84,5,) -> 106.54 | F28: =VLOOKUP(A28,PRESUPUESTO!$A$14:$G$84,6,) -> 111153.5 | G28: =+ROUND(E28*F28,2) -> 11842294 | H28: =G28/$G$77 -> 0.034363256 | J28: =G28/1 -> 11842294
A29: 3.2 | B29: =VLOOKUP(A29,PRESUPUESTO!$A$14:$G$84,2,) -> Vigas de corona de (12x20cm ) en concreto de 3000 PSI | D29: =VLOOKUP(A29,PRESUPUESTO!$A$14:$G$84,4,) -> ML | E29: =VLOOKUP(A29,PRESUPUESTO!$A$14:$G$84,5,) -> 108.04 | F29: =VLOOKUP(A29,PRESUPUESTO!$A$14:$G$84,6,) -> 75983.3 | G29: =+ROUND(E29*F29,2) -> 8209235.7 | H29: =G29/$G$77 -> 0.023821066 | M29: =G29/1 -> 8209235.7
A30: 3.3 | B30: =VLOOKUP(A30,PRESUPUESTO!$A$14:$G$84,2,) -> Columnetas de confinamiento de (12x20cm) en concreto de 3000 PSI | D30: =VLOOKUP(A30,PRESUPUESTO!$A$14:$G$84,4,) -> ML | E30: =VLOOKUP(A30,PRESUPUESTO!$A$14:$G$84,5,) -> 152.05 | F30: =VLOOKUP(A30,PRESUPUESTO!$A$14:$G$84,6,) -> 75248.15 | G30: =+ROUND(E30*F30,2) -> 11441481 | H30: =G30/$G$77 -> 0.033200202 | L30: =G30/1 -> 11441481
A31: 3.4 | B31: =VLOOKUP(A31,PRESUPUESTO!$A$14:$G$84,2,) -> Acero de refuerzo Fy= 420 mpa | D31: =VLOOKUP(A31,PRESUPUESTO!$A$14:$G$84,4,) -> KG | E31: =VLOOKUP(A31,PRESUPUESTO!$A$14:$G$84,5,) -> 2425.3615 | F31: =VLOOKUP(A31,PRESUPUESTO!$A$14:$G$84,6,) -> 12036.66 | G31: =+ROUND(E31*F31,2) -> 29193251 | H31: =G31/$G$77 -> 0.084711221 | I31: =$G$31/2 -> 14596626 | J31: =$G$31/2 -> 14596626
A32: 3.5 | B32: =VLOOKUP(A32,PRESUPUESTO!$A$14:$G$84,2,) -> Concreto Ciclopeo 60-40 Mejoramiento del terreno (40X40) | D32: =VLOOKUP(A32,PRESUPUESTO!$A$14:$G$84,4,) -> M3 | E32: =VLOOKUP(A32,PRESUPUESTO!$A$14:$G$84,5,) -> 19.8704 | F32: =VLOOKUP(A32,PRESUPUESTO!$A$14:$G$84,6,) -> 445520 | G32: =+ROUND(E32*F32,2) -> 8852660.6 | H32: =G32/$G$77 -> 0.025688118 | I32: =G32/1 -> 8852660.6
A33: 3.6 | B33: =VLOOKUP(A33,PRESUPUESTO!$A$14:$G$84,2,) -> Placa de contrapiso e=0.10m concreto 3000 PSI | D33: =VLOOKUP(A33,PRESUPUESTO!$A$14:$G$84,4,) -> M2 | E33: =VLOOKUP(A33,PRESUPUESTO!$A$14:$G$84,5,) -> 196.597 | F33: =VLOOKUP(A33,PRESUPUESTO!$A$14:$G$84,6,) -> 97613.34 | G33: =+ROUND(E33*F33,2) -> 19190490 | H33: =G33/$G$77 -> 0.055685809 | K33: =G33/1 -> 19190490
A34: 4 | B34: =PRESUPUESTO!B36 -> INSTALACIONES HIDROSANITARIAS Y ELECTRICAS
A35: 4.1 | B35: =VLOOKUP(A35,PRESUPUESTO!$A$14:$G$84,2,) -> Suministro e instalacion de tuberia hidraulica en PVC presion 3/4" incluido accesorios | D35: =VLOOKUP(A35,PRESUPUESTO!$A$14:$G$84,4,) -> ML | E35: =VLOOKUP(A35,PRESUPUESTO!$A$14:$G$84,5,) -> 60.4 | F35: =VLOOKUP(A35,PRESUPUESTO!$A$14:$G$84,6,) -> 14335 | G35: =+ROUND(E35*F35,2) -> 865834 | H35: =G35/$G$77 -> 0.002512425 | J35: =G35/1 -> 865834
A36: 4.2 | B36: =VLOOKUP(A36,PRESUPUESTO!$A$14:$G$84,2,) -> Suministro e instalacion de tuberia hidraulica en PVC presion 1/2" incluido accesorios | D36: =VLOOKUP(A36,PRESUPUESTO!$A$14:$G$84,4,) -> ML | E36: =VLOOKUP(A36,PRESUPUESTO!$A$14:$G$84,5,) -> 14.6 | F36: =VLOOKUP(A36,PRESUPUESTO!$A$14:$G$84,6,) -> 12335 | G36: =+ROUND(E36*F36,2) -> 180091 | H36: =G36/$G$77 -> 0.00052257723 | J36: =G36/1 -> 180091
A37: 4.3 | B37: =VLOOKUP(A37,PRESUPUESTO!$A$14:$G$84,2,) -> Suministro e instalacion de tubieria sanitaria en PVC 4" incluido accesorios | D37: =VLOOKUP(A37,PRESUPUESTO!$A$14:$G$84,4,) -> ML | E37: =VLOOKUP(A37,PRESUPUESTO!$A$14:$G$84,5,) -> 80.94 | F37: =VLOOKUP(A37,PRESUPUESTO!$A$14:$G$84,6,) -> 54870 | G37: =+ROUND(E37*F37,2) -> 4441177.8 | H37: =G37/$G$77 -> 0.012887143 | J37: =G37/1 -> 4441177.8
A38: 4.4 | B38: =VLOOKUP(A38,PRESUPUESTO!$A$14:$G$84,2,) -> Suministro e instalacion de tubieria sanitaria en PVC 2" incluido accesorios | D38: =VLOOKUP(A38,PRESUPUESTO!$A$14:$G$84,4,) -> ML | E38: =VLOOKUP(A38,PRESUPUESTO!$A$14:$G$84,5,) -> 48.64 | F38: =VLOOKUP(A38,PRESUPUESTO!$A$14:$G$84,6,) -> 36633.34 | G38: =+ROUND(E38*F38,2) -> 1781845.7 | H38: =G38/$G$77 -> 0.0051704526 | J38: =G38/1 -> 1781845.7
A39: 4.5 | B39: =VLOOKUP(A39,PRESUPUESTO!$A$14:$G$84,2,) -> construccion de caja de inspeccion sanitaria de (80X80) en mamposteria incluye tapa en concreto | D39: =VLOOKUP(A39,PRESUPUESTO!$A$14:$G$84,4,) -> UND | E39: =VLOOKUP(A39,PRESUPUESTO!$A$14:$G$84,5,) -> 3 | F39: =VLOOKUP(A39,PRESUPUESTO!$A$14:$G$84,6,) -> 513462.5 | G39: =+ROUND(E39*F39,2) -> 1540387.5 | H39: =G39/$G$77 -> 0.0044698038 | I39: =G39/1 -> 1540387.5
A40: 4.6 | B40: =VLOOKUP(A40,PRESUPUESTO!$A$14:$G$84,2,) -> Punto Sanitario 2" | D40: =VLOOKUP(A40,PRESUPUESTO!$A$14:$G$84,4,) -> UND | E40: =VLOOKUP(A40,PRESUPUESTO!$A$14:$G$84,5,) -> 15 | F40: =VLOOKUP(A40,PRESUPUESTO!$A$14:$G$84,6,) -> 75066.66 | G40: =+ROUND(E40*F40,2) -> 1125999.9 | H40: =G40/$G$77 -> 0.0032673588 | K40: =G40/1 -> 1125999.9
A41: 4.7 | B41: =VLOOKUP(A41,PRESUPUESTO!$A$14:$G$84,2,) -> Punto Sanitario 4" | D41: =VLOOKUP(A41,PRESUPUESTO!$A$14:$G$84,4,) -> UND | E41: =VLOOKUP(A41,PRESUPUESTO!$A$14:$G$84,5,) -> 7 | F41: =VLOOKUP(A41,PRESUPUESTO!$A$14:$G$84,6,) -> 153900 | G41: =+ROUND(E41*F41,2) -> 1077300 | H41: =G41/$G$77 -> 0.0031260443 | K41: =G41/1 -> 1077300
A42: 4.8 | B42: =VLOOKUP(A42,PRESUPUESTO!$A$14:$G$84,2,) -> Suministro e instalación de ducha tipo telefónica cromada, incluye regadera, brazo, chapeta, accesorios de fijación, conexiones | D42: =VLOOKUP(A42,PRESUPUESTO!$A$14:$G$84,4,) -> UND | E42: =VLOOKUP(A42,PRESUPUESTO!$A$14:$G$84,5,) -> 4 | F42: =VLOOKUP(A42,PRESUPUESTO!$A$14:$G$84,6,) -> 239825 | G42: =+ROUND(E42*F42,2) -> 959300 | H42: =G42/$G$77 -> 0.002783639 | N42: =G42/1 -> 959300
A43: 4.9 | B43: =VLOOKUP(A43,PRESUPUESTO!$A$14:$G$84,2,) -> Suministro e instalación de taza sanitaria tipo institucional (incluye accesorios de fijación y conexión) | D43: =VLOOKUP(A43,PRESUPUESTO!$A$14:$G$84,4,) -> UND | E43: =VLOOKUP(A43,PRESUPUESTO!$A$14:$G$84,5,) -> 4 | F43: =VLOOKUP(A43,PRESUPUESTO!$A$14:$G$84,6,) -> 383616.66 | G43: =+ROUND(E43*F43,2) -> 1534466.6 | H43: =G43/$G$77 -> 0.004452623 | N43: =G43/1 -> 1534466.6
A44: 4.1 | B44: =PRESUPUESTO!B46 -> Suministro e instalación de lavamanos institucional sobreponer línea económica | D44: =PRESUPUESTO!D46 -> UND | E44: =PRESUPUESTO!E46 -> 7 | F44: =PRESUPUESTO!F46 -> 311253.34 | G44: =+ROUND(E44*F44,2) -> 2178773.4 | H44: =G44/$G$77 -> 0.0063222335 | N44: =G44/1 -> 2178773.4
A45: 4.11 | B45: =VLOOKUP(A45,PRESUPUESTO!$A$14:$G$84,2,) -> Suministro e instalación de unidad sanitaria tipo PMR (personas con movilidad reducida) línea económica | D45: =VLOOKUP(A45,PRESUPUESTO!$A$14:$G$84,4,) -> UND | E45: =VLOOKUP(A45,PRESUPUESTO!$A$14:$G$84,5,) -> 3 | F45: =VLOOKUP(A45,PRESUPUESTO!$A$14:$G$84,6,) -> 1000208.3 | G45: =+ROUND(E45*F45,2) -> 3000625 | H45: =G45/$G$77 -> 0.0087070332 | N45: =G45/1 -> 3000625
A46: 4.12 | B46: =VLOOKUP(A46,PRESUPUESTO!$A$14:$G$84,2,) -> Sondeo de redes sanitarias | D46: =VLOOKUP(A46,PRESUPUESTO!$A$14:$G$84,4,) -> ML | E46: =VLOOKUP(A46,PRESUPUESTO!$A$14:$G$84,5,) -> 30 | F46: =VLOOKUP(A46,PRESUPUESTO!$A$14:$G$84,6,) -> 7565 | G46: =+ROUND(E46*F46,2) -> 226950 | H46: =G46/$G$77 -> 0.00065854986 | I46: =G46/1 -> 226950
A47: 4.13 | B47: =VLOOKUP(A47,PRESUPUESTO!$A$14:$G$84,2,) -> Punto electrico 1/2" | D47: =VLOOKUP(A47,PRESUPUESTO!$A$14:$G$84,4,) -> UND | E47: =VLOOKUP(A47,PRESUPUESTO!$A$14:$G$84,5,) -> 54 | F47: =VLOOKUP(A47,PRESUPUESTO!$A$14:$G$84,6,) -> 58975 | G47: =+ROUND(E47*F47,2) -> 3184650 | H47: =G47/$G$77 -> 0.0092410258 | M47: =G47/1 -> 3184650
A48: 4.14 | B48: =VLOOKUP(A48,PRESUPUESTO!$A$14:$G$84,2,) -> Tuberia EMT 1/2" | D48: =VLOOKUP(A48,PRESUPUESTO!$A$14:$G$84,4,) -> ML | E48: =VLOOKUP(A48,PRESUPUESTO!$A$14:$G$84,5,) -> 209.38 | F48: =VLOOKUP(A48,PRESUPUESTO!$A$14:$G$84,6,) -> 27480 | G48: =+ROUND(E48*F48,2) -> 5753762.4 | H48: =G48/$G$77 -> 0.016695922 | M48: =G48/1 -> 5753762.4
A49: 4.15 | B49: =VLOOKUP(A49,PRESUPUESTO!$A$14:$G$84,2,) -> Interrutor sencillo | D49: =VLOOKUP(A49,PRESUPUESTO!$A$14:$G$84,4,) -> UND | E49: =VLOOKUP(A49,PRESUPUESTO!$A$14:$G$84,5,) -> 10 | F49: =VLOOKUP(A49,PRESUPUESTO!$A$14:$G$84,6,) -> 31006.25 | G49: =+ROUND(E49*F49,2) -> 310062.5 | H49: =G49/$G$77 -> 0.00089972071 | M49: =G49/1 -> 310062.5
A50: 4.16 | B50: =VLOOKUP(A50,PRESUPUESTO!$A$14:$G$84,2,) -> Tomacorriente doble. | D50: =VLOOKUP(A50,PRESUPUESTO!$A$14:$G$84,4,) -> UND | E50: =VLOOKUP(A50,PRESUPUESTO!$A$14:$G$84,5,) -> 13 | F50: =VLOOKUP(A50,PRESUPUESTO!$A$14:$G$84,6,) -> 21006.25 | G50: =+ROUND(E50*F50,2) -> 273081.25 | H50: =G50/$G$77 -> 0.00079241075 | M50: =G50/1 -> 273081.25
A51: 4.17 | B51: =VLOOKUP(A51,PRESUPUESTO!$A$14:$G$84,2,) -> Tomacorriente GFCI | D51: =VLOOKUP(A51,PRESUPUESTO!$A$14:$G$84,4,) -> UND | E51: =VLOOKUP(A51,PRESUPUESTO!$A$14:$G$84,5,) -> 4 | F51: =VLOOKUP(A51,PRESUPUESTO!$A$14:$G$84,6,) -> 31006.25 | G51: =+ROUND(E51*F51,2) -> 124025 | H51: =G51/$G$77 -> 0.00035988828 | M51: =G51/1 -> 124025
A52: 4.18 | B52: =VLOOKUP(A52,PRESUPUESTO!$A$14:$G$84,2,) -> Tuberia PVC Conduit 1/2" | D52: =VLOOKUP(A52,PRESUPUESTO!$A$14:$G$84,4,) -> ML | E52: =VLOOKUP(A52,PRESUPUESTO!$A$14:$G$84,5,) -> 16 | F52: =VLOOKUP(A52,PRESUPUESTO!$A$14:$G$84,6,) -> 18340 | G52: =+ROUND(E52*F52,2) -> 293440 | H52: =G52/$G$77 -> 0.00085148654 | M52: =G52/1 -> 293440
A53: 5 | B53: =PRESUPUESTO!B56 -> CUBIERTA
A54: 5.1 | B54: =VLOOKUP(A54,PRESUPUESTO!$A$14:$G$84,2,) -> Suministro e instalacion de correas metalicas en perfil retangular de ( 120 x 50 x 2 mm) | D54: =VLOOKUP(A54,PRESUPUESTO!$A$14:$G$84,4,) -> ML | E54: =VLOOKUP(A54,PRESUPUESTO!$A$14:$G$84,5,) -> 271.8 | F54: =VLOOKUP(A54,PRESUPUESTO!$A$14:$G$84,6,) -> 53550 | G54: =+ROUND(E54*F54,2) -> 14554890 | H54: =G54/$G$77 -> 0.042234504 | M54: =$G$54/2 -> 7277445 | N54: =$G$54/2 -> 7277445
A55: 5.2 | B55: =VLOOKUP(A55,PRESUPUESTO!$A$14:$G$84,2,) -> Suministro e instalacion de tejas arquitectonica de Cal 28 | D55: =VLOOKUP(A55,PRESUPUESTO!$A$14:$G$84,4,) -> M2 | E55: =VLOOKUP(A55,PRESUPUESTO!$A$14:$G$84,5,) -> 205.36 | F55: =VLOOKUP(A55,PRESUPUESTO!$A$14:$G$84,6,) -> 69033.83 | G55: =+ROUND(E55*F55,2) -> 14176787 | H55: =G55/$G$77 -> 0.041137349 | M55: =$G$55/2 -> 7088393.7 | N55: =$G$55/2 -> 7088393.7
A56: 5.3 | B56: =VLOOKUP(A56,PRESUPUESTO!$A$14:$G$84,2,) -> Suministro e instalacion de caballete arquitectonico de Cal 28 | D56: =VLOOKUP(A56,PRESUPUESTO!$A$14:$G$84,4,) -> ML | E56: =VLOOKUP(A56,PRESUPUESTO!$A$14:$G$84,5,) -> 15.1 | F56: =VLOOKUP(A56,PRESUPUESTO!$A$14:$G$84,6,) -> 35992.22 | G56: =+ROUND(E56*F56,2) -> 543482.52 | H56: =G56/$G$77 -> 0.0015770449 | N56: =G56/1 -> 543482.52
A57: 6 | B57: =PRESUPUESTO!B61 -> MAMPOSTERIA, ACABADOS, PINTURA Y PISOS
A58: 6.1 | B58: =VLOOKUP(A58,PRESUPUESTO!$A$14:$G$84,2,) -> Muro en mamposteria en ladrillo farol No4. | D58: =VLOOKUP(A58,PRESUPUESTO!$A$14:$G$84,4,) -> M2 | E58: =VLOOKUP(A58,PRESUPUESTO!$A$14:$G$84,5,) -> 323.8105 | F58: =VLOOKUP(A58,PRESUPUESTO!$A$14:$G$84,6,) -> 72137.12 | G58: =+ROUND(E58*F58,2) -> 23358757 | H58: =G58/$G$77 -> 0.067781036 | K58: =$G$58/2 -> 11679378 | L58: =$G$58/2 -> 11679378
A59: 6.2 | B59: =VLOOKUP(A59,PRESUPUESTO!$A$14:$G$84,2,) -> Muro en mamposteria en ladrillo farol No3 | D59: =VLOOKUP(A59,PRESUPUESTO!$A$14:$G$84,4,) -> M2 | E59: =VLOOKUP(A59,PRESUPUESTO!$A$14:$G$84,5,) -> 13.209 | F59: =VLOOKUP(A59,PRESUPUESTO!$A$14:$G$84,6,) -> 67276 | G59: =+ROUND(E59*F59,2) -> 888648.68 | H59: =G59/$G$77 -> 0.0025786273 | I59: =$G$59/1 -> 888648.68
A60: 6.3 | B60: =VLOOKUP(A60,PRESUPUESTO!$A$14:$G$84,2,) -> Suministro y construcción de bordillo en mampostería estructural de ladrillo a la vista, h=0,50 m, con alfajía en concreto reforzado fundido en sitio | D60: =VLOOKUP(A60,PRESUPUESTO!$A$14:$G$84,4,) -> ML | E60: =VLOOKUP(A60,PRESUPUESTO!$A$14:$G$84,5,) -> 10 | F60: =VLOOKUP(A60,PRESUPUESTO!$A$14:$G$84,6,) -> 104540.88 | G60: =+ROUND(E60*F60,2) -> 1045408.8 | H60: =G60/$G$77 -> 0.0030335045 | I60: =$G$60/1 -> 1045408.8
A61: 6.4 | B61: =VLOOKUP(A61,PRESUPUESTO!$A$14:$G$84,2,) -> aplicación de pañete interior y exterior | D61: =VLOOKUP(A61,PRESUPUESTO!$A$14:$G$84,4,) -> M2 | E61: =VLOOKUP(A61,PRESUPUESTO!$A$14:$G$84,5,) -> 639.0255 | F61: =VLOOKUP(A61,PRESUPUESTO!$A$14:$G$84,6,) -> 35728 | G61: =+ROUND(E61*F61,2) -> 22831103 | H61: =G61/$G$77 -> 0.066249922 | L61: =$G$61/2 -> 11415552 | M61: =$G$61/2 -> 11415552
A62: 6.5 | B62: =VLOOKUP(A62,PRESUPUESTO!$A$14:$G$84,2,) -> aplicación de estuco plastico | D62: =VLOOKUP(A62,PRESUPUESTO!$A$14:$G$84,4,) -> M2 | E62: =VLOOKUP(A62,PRESUPUESTO!$A$14:$G$84,5,) -> 639.0255 | F62: =VLOOKUP(A62,PRESUPUESTO!$A$14:$G$84,6,) -> 22412.5 | G62: =+ROUND(E62*F62,2) -> 14322159 | H62: =G62/$G$77 -> 0.04155918 | L62: =$G$62/2 -> 7161079.5 | M62: =$G$62/2 -> 7161079.5
A63: 6.6 | B63: =VLOOKUP(A63,PRESUPUESTO!$A$14:$G$84,2,) -> aplicación de pintura en acabado de muros | D63: =VLOOKUP(A63,PRESUPUESTO!$A$14:$G$84,4,) -> M2 | E63: =VLOOKUP(A63,PRESUPUESTO!$A$14:$G$84,5,) -> 1194.5159 | F63: =VLOOKUP(A63,PRESUPUESTO!$A$14:$G$84,6,) -> 18500 | G63: =+ROUND(E63*F63,2) -> 22098544 | H63: =G63/$G$77 -> 0.064124226 | M63: =$G$63/1 -> 22098544
A64: 6.7 | B64: =VLOOKUP(A64,PRESUPUESTO!$A$14:$G$84,2,) -> Instalacion de ceramica antideslizante formato 35X35 | D64: =VLOOKUP(A64,PRESUPUESTO!$A$14:$G$84,4,) -> M2 | E64: =VLOOKUP(A64,PRESUPUESTO!$A$14:$G$84,5,) -> 193.6285 | F64: =VLOOKUP(A64,PRESUPUESTO!$A$14:$G$84,6,) -> 96075 | G64: =+ROUND(E64*F64,2) -> 18602858 | H64: =G64/$G$77 -> 0.053980655 | L64: =$G$64/2 -> 9301429.1 | M64: =$G$64/2 -> 9301429.1
A65: 6.8 | B65: =VLOOKUP(A65,PRESUPUESTO!$A$14:$G$84,2,) -> Suministro e instalación de cerámica para pared 30x30 cm color blanco (incluye alistado) | D65: =VLOOKUP(A65,PRESUPUESTO!$A$14:$G$84,4,) -> M2 | E65: =VLOOKUP(A65,PRESUPUESTO!$A$14:$G$84,5,) -> 61.407 | F65: =VLOOKUP(A65,PRESUPUESTO!$A$14:$G$84,6,) -> 95250 | G65: =+ROUND(E65*F65,2) -> 5849016.8 | H65: =G65/$G$77 -> 0.016972325 | M65: =G65/1 -> 5849016.8
A66: 6.9 | B66: =VLOOKUP(A66,PRESUPUESTO!$A$14:$G$84,2,) -> Guardaescoba ceramica h=7cm | D66: =VLOOKUP(A66,PRESUPUESTO!$A$14:$G$84,4,) -> ML | E66: =VLOOKUP(A66,PRESUPUESTO!$A$14:$G$84,5,) -> 179.72 | F66: =VLOOKUP(A66,PRESUPUESTO!$A$14:$G$84,6,) -> 33834.807 | G66: =+ROUND(E66*F66,2) -> 6080791.5 | H66: =G66/$G$77 -> 0.017644875 | M66: =G66/1 -> 6080791.5
A67: 7 | B67: =PRESUPUESTO!B72 -> CARPINTERIA METALICA
A68: 7.1 | B68: =VLOOKUP(A68,PRESUPUESTO!$A$14:$G$84,2,) -> Puerta principal en lamina cold rolled cal 18 entamborada incluye cerradura (1.00X2.10) | D68: =VLOOKUP(A68,PRESUPUESTO!$A$14:$G$84,4,) -> UND | E68: =VLOOKUP(A68,PRESUPUESTO!$A$14:$G$84,5,) -> 4 | F68: =VLOOKUP(A68,PRESUPUESTO!$A$14:$G$84,6,) -> 1219125 | G68: =+ROUND(E68*F68,2) -> 4876500 | H68: =G68/$G$77 -> 0.014150334 | N68: =G68/1 -> 4876500
A69: 7.2 | B69: =VLOOKUP(A69,PRESUPUESTO!$A$14:$G$84,2,) -> Puerta de baño en aluminio (1.00x2.10) | D69: =VLOOKUP(A69,PRESUPUESTO!$A$14:$G$84,4,) -> UND | E69: =VLOOKUP(A69,PRESUPUESTO!$A$14:$G$84,5,) -> 5 | F69: =VLOOKUP(A69,PRESUPUESTO!$A$14:$G$84,6,) -> 739125 | G69: =+ROUND(E69*F69,2) -> 3695625 | H69: =G69/$G$77 -> 0.010723742 | N69: =G69/1 -> 3695625
A70: 7.3 | B70: =VLOOKUP(A70,PRESUPUESTO!$A$14:$G$84,2,) -> Puerta de baño en aluminio compuesto corrediza (0.90x2.10) | D70: =VLOOKUP(A70,PRESUPUESTO!$A$14:$G$84,4,) -> UND | E70: =VLOOKUP(A70,PRESUPUESTO!$A$14:$G$84,5,) -> 2 | F70: =VLOOKUP(A70,PRESUPUESTO!$A$14:$G$84,6,) -> 420406.25 | G70: =+ROUND(E70*F70,2) -> 840812.5 | H70: =G70/$G$77 -> 0.0024398191 | N70: =G70/1 -> 840812.5
A71: 7.4 | B71: =VLOOKUP(A71,PRESUPUESTO!$A$14:$G$84,2,) -> Ventana en aluminio tipo persiana (0.90x0.60) | D71: =VLOOKUP(A71,PRESUPUESTO!$A$14:$G$84,4,) -> UND | E71: =VLOOKUP(A71,PRESUPUESTO!$A$14:$G$84,5,) -> 4 | F71: =VLOOKUP(A71,PRESUPUESTO!$A$14:$G$84,6,) -> 625812.5 | G71: =+ROUND(E71*F71,2) -> 2503250 | H71: =G71/$G$77 -> 0.0072637803 | N71: =G71/1 -> 2503250
A72: 7.5 | B72: =VLOOKUP(A72,PRESUPUESTO!$A$14:$G$84,2,) -> Ventana en aluminio tipo persiana (1.20x0.50) | D72: =VLOOKUP(A72,PRESUPUESTO!$A$14:$G$84,4,) -> UND | E72: =VLOOKUP(A72,PRESUPUESTO!$A$14:$G$84,5,) -> 1 | F72: =VLOOKUP(A72,PRESUPUESTO!$A$14:$G$84,6,) -> 376812.5 | G72: =+ROUND(E72*F72,2) -> 376812.5 | H72: =G72/$G$77 -> 0.0010934118 | N72: =G72/1 -> 376812.5
A73: 7.6 | B73: =VLOOKUP(A73,PRESUPUESTO!$A$14:$G$84,2,) -> Ventana en lamina Cold rolled (2.00x1.90) Corrediza incluye vidrio | D73: =VLOOKUP(A73,PRESUPUESTO!$A$14:$G$84,4,) -> UND | E73: =VLOOKUP(A73,PRESUPUESTO!$A$14:$G$84,5,) -> 4 | F73: =VLOOKUP(A73,PRESUPUESTO!$A$14:$G$84,6,) -> 1709150 | G73: =+ROUND(E73*F73,2) -> 6836600 | H73: =G73/$G$77 -> 0.019838035 | N73: =G73/1 -> 6836600
A74: 7.7 | B74: =VLOOKUP(A74,PRESUPUESTO!$A$14:$G$84,2,) -> Suministro e instalación de pasamanos en acero inoxidable AISI 304 con postes anclados a losa | D74: =VLOOKUP(A74,PRESUPUESTO!$A$14:$G$84,4,) -> ML | E74: =VLOOKUP(A74,PRESUPUESTO!$A$14:$G$84,5,) -> 48.74 | F74: =VLOOKUP(A74,PRESUPUESTO!$A$14:$G$84,6,) -> 800050 | G74: =+ROUND(E74*F74,2) -> 38994437 | H74: =G74/$G$77 -> 0.11315171 | N74: =G74/1 -> 38994437
A75: 7.8 | B75: =VLOOKUP(A75,PRESUPUESTO!$A$14:$G$84,2,) -> Suministro e instalación de pasamanos en acero inoxidable AISI 304con anclaje lateral a muro | D75: =VLOOKUP(A75,PRESUPUESTO!$A$14:$G$84,4,) -> ML | E75: =VLOOKUP(A75,PRESUPUESTO!$A$14:$G$84,5,) -> 23.85 | F75: =VLOOKUP(A75,PRESUPUESTO!$A$14:$G$84,6,) -> 401050 | G75: =+ROUND(E75*F75,2) -> 9565042.5 | H75: =G75/$G$77 -> 0.027755265 | N75: =G75/1 -> 9565042.5
A77: TOTAL COSTO DIRECTO OBRA | G77: =SUM(G16:G76) -> 3.4462083e+08 | H77: =SUM(H16:H75) -> 1 | I77: =SUM(I14:I75) -> 35088346 | J77: =SUM(J14:J75) -> 40768324 | K77: =SUM(K14:K75) -> 33073168 | L77: =SUM(L14:L75) -> 50998920 | M77: =SUM(M14:M75) -> 94420508 | N77: =SUM(N14:N75) -> 90271566
A78: ADMINISTRACION | F78: 0.28 | G78: =ROUND((F78*G$77),2) -> 96493833 | H78: =G78/G$77 -> 0.28 | I78: =$F$78*I$77 -> 9824736.8 | J78: =$F$78*J$77 -> 11415131 | K78: =$F$78*K$77 -> 9260487.1 | L78: =$F$78*L$77 -> 14279698 | M78: =$F$78*M$77 -> 26437742 | N78: =$F$78*N$77 -> 25276038
A79: IMPREVISTOS | F79: 0.01 | G79: =ROUND((F79*G$77),2) -> 3446208.3 | H79: =G79/G$77 -> 0.01 | I79: =$F$79*I$77 -> 350883.46 | J79: =$F$79*J$77 -> 407683.24 | K79: =$F$79*K$77 -> 330731.68 | L79: =$F$79*L$77 -> 509989.2 | M79: =$F$79*M$77 -> 944205.08 | N79: =$F$79*N$77 -> 902715.66
A80: UTILIDAD | F80: 0.03 | G80: =ROUND((F80*G$77),2) -> 10338625 | H80: =G80/G$77 -> 0.03 | I80: =$F$80*I$77 -> 1052650.4 | J80: =$F$80*J$77 -> 1223049.7 | K80: =$F$80*K$77 -> 992195.04 | L80: =$F$80*L$77 -> 1529967.6 | M80: =$F$80*M$77 -> 2832615.2 | N80: =$F$80*N$77 -> 2708147
A81: TOTAL COSTO INDIRECTO OBRA | G81: =SUM(G78:G80) -> 1.1027867e+08 | H81: =SUM(H78:H80) -> 0.32 | I81: =SUM(I78:I80) -> 11228271 | J81: =SUM(J78:J80) -> 13045864 | K81: =SUM(K78:K80) -> 10583414 | L81: =SUM(L78:L80) -> 16319654 | M81: =SUM(M78:M80) -> 30214563 | N81: =SUM(N78:N80) -> 28886901
A82: TOTAL OBRA | G82: =G81+G77 -> 4.548995e+08 | H82: =G81/G77 -> 0.32 | I82: =I77+I81 -> 46316616 | J82: =J77+J81 -> 53814188 | K82: =K77+K81 -> 43656582 | L82: =L77+L81 -> 67318574 | M82: =M77+M81 -> 1.2463507e+08 | N82: =N77+N81 -> 1.1915847e+08
A83: ACUMULADO SEMANAL | G83: =N83 -> 4.548995e+08 | I83: =I82 -> 46316616 | J83: =I83+J82 -> 1.001308e+08 | K83: =J83+K82 -> 1.4378739e+08 | L83: =K83+L82 -> 2.1110596e+08 | M83: =L83+M82 -> 3.3574103e+08 | N83: =M83+N82 -> 4.548995e+08
E88: ______________________________________________
B89: _________________________________________ | E89: ARQ. GUILLERMO YAMID VALLEJOS BENAVIDES
B90: REALIZO: ING JEISSON ARLED BUESAQUILLO | E90: SECRETARIO DE PLANEACION Y OBRAS PUBLICAS
B91: Apoyo Profesional SPOPM | E91: SAN MIGUEL - PUTUMAYO

Sheet CRONOGRAMA
C1: SECRETARIA DE PLANEACIÓN Y OBRAS PÚBLICAS | J1: CODIGO | L1: 103
J2: SERIE Y SUBSERIE | L2: 51
C3: NIT. 800252922-2
C4: Modelo Integrado de Planeación y Gestión | J4: VERSIÓN | L4: 1
C5: PRESUPUESTO | J5: FECHA DEL FORMATO | L5: D/M/A
L6: 44216
A8: =PRESUPUESTO!A8 -> AMPLIACIÓN DE MÓDULOS HABITACIONALES Y ÁREAS COMPLEMENTARIAS PARA CENTRO DE BIENESTAR EL BUEN SAMARITANO Y CENTRO DÍA DE PUERTO COLÓN DEL MUNICIPIO DE SAN MIGUEL, PUTUMAYO.
A11: CRONOGRAMA DE OBRA
I12: MES 1 | M12: MES 2
I13: SEMANA 1 | J13: SEMANA 2 | K13: SEMANA 3 | L13: SEMANA 4 | M13: SEMANA 5 | N13: SEMANA 6
A14: ITEM | B14: DESCRIPCION | D14: UNIDAD | E14: CANTIDAD | F14: V/UNITARIO | G14: V/TOTAL | H14: %
A15: 1 | B15: =PRESUPUESTO!B14 -> PRELIMINARES
A16: 1.1 | B16: =VLOOKUP(A16,PRESUPUESTO!$A$14:$G$84,2,) -> localizacion y replanteo | D16: =VLOOKUP(A16,PRESUPUESTO!$A$14:$G$84,4,) -> M2 | E16: =VLOOKUP(A16,PRESUPUESTO!$A$14:$G$84,5,) -> 181.654 | F16: =VLOOKUP(A16,PRESUPUESTO!$A$14:$G$84,6,) -> 9225.88 | G16: =+ROUND(E16*F16,2) -> 1675918 | H16: =G16/$G$77 -> 0.0048630781
A17: 1.2 | B17: =VLOOKUP(A17,PRESUPUESTO!$A$14:$G$84,2,) -> Desmonte de pasamanos metálico auto portante con anclaje a piso existente y anclaje lateral a muro existente | D17: =VLOOKUP(A17,PRESUPUESTO!$A$14:$G$84,4,) -> ML | E17: =VLOOKUP(A17,PRESUPUESTO!$A$14:$G$84,5,) -> 52.85 | F17: =VLOOKUP(A17,PRESUPUESTO!$A$14:$G$84,6,) -> 15300 | G17: =+ROUND(E17*F17,2) -> 808605 | H17: =G17/$G$77 -> 0.0023463614
A18: =PRESUPUESTO!A17 -> 1.3 | B18: =VLOOKUP(A18,PRESUPUESTO!$A$14:$G$84,2,) -> Desmonte de cabinas metálicas existentes | D18: =VLOOKUP(A18,PRESUPUESTO!$A$14:$G$84,4,) -> UND | E18: =VLOOKUP(A18,PRESUPUESTO!$A$14:$G$84,5,) -> 4 | F18: =VLOOKUP(A18,PRESUPUESTO!$A$14:$G$84,6,) -> 12456.25 | G18: =+ROUND(E18*F18,2) -> 49825 | H18: =G18/$G$77 -> 0.00014457919
A19: 1.4 | B19: =VLOOKUP(A19,PRESUPUESTO!$A$14:$G$84,2,) -> Desmonte de unidades sanitarias y lavamanos existentes | D19: =VLOOKUP(A19,PRESUPUESTO!$A$14:$G$84,4,) -> UND | E19: =VLOOKUP(A19,PRESUPUESTO!$A$14:$G$84,5,) -> 7 | F19: =VLOOKUP(A19,PRESUPUESTO!$A$14:$G$84,6,) -> 25025 | G19: =+ROUND(E19*F19,2) -> 175175 | H19: =G19/$G$77 -> 0.00050831228
A20: 1.5 | B20: =VLOOKUP(A20,PRESUPUESTO!$A$14:$G$84,2,) -> Demolición de enchape de piso existente | D20: =VLOOKUP(A20,PRESUPUESTO!$A$14:$G$84,4,) -> M2 | E20: =VLOOKUP(A20,PRESUPUESTO!$A$14:$G$84,5,) -> 19.2625 | F20: =VLOOKUP(A20,PRESUPUESTO!$A$14:$G$84,6,) -> 25800 | G20: =+ROUND(E20*F20,2) -> 496972.5 | H20: =G20/$G$77 -> 0.0014420849
A21: =PRESUPUESTO!A20 -> 1.6 | B21: =VLOOKUP(A21,PRESUPUESTO!$A$14:$G$84,2,) -> Demolicion de enchape de muro existente | D21: =VLOOKUP(A21,PRESUPUESTO!$A$14:$G$84,4,) -> M2 | E21: =VLOOKUP(A21,PRESUPUESTO!$A$14:$G$84,5,) -> 25.8 | F21: =VLOOKUP(A21,PRESUPUESTO!$A$14:$G$84,6,) -> 24300 | G21: =+ROUND(E21*F21,2) -> 626940 | H21: =G21/$G$77 -> 0.0018192168
A22: 1.7 | B22: =VLOOKUP(A22,PRESUPUESTO!$A$14:$G$84,2,) -> Demolición manual de muro de baño | D22: =VLOOKUP(A22,PRESUPUESTO!$A$14:$G$84,4,) -> M2 | E22: =VLOOKUP(A22,PRESUPUESTO!$A$14:$G$84,5,) -> 2.7 | F22: =VLOOKUP(A22,PRESUPUESTO!$A$14:$G$84,6,) -> 38300 | G22: =+ROUND(E22*F22,2) -> 103410 | H22: =G22/$G$77 -> 0.00030006892
A23: 1.8 | B23: =VLOOKUP(A23,PRESUPUESTO!$A$14:$G$84,2,) -> Retiro y disposicion de material sobrante | D23: =VLOOKUP(A23,PRESUPUESTO!$A$14:$G$84,4,) -> M3 | E23: =VLOOKUP(A23,PRESUPUESTO!$A$14:$G$84,5,) -> 46.9525 | F23: =VLOOKUP(A23,PRESUPUESTO!$A$14:$G$84,6,) -> 34383.34 | G23: =+ROUND(E23*F23,2) -> 1614383.8 | H23: =G23/$G$77 -> 0.0046845217
A24: 2 | B24: =PRESUPUESTO!B24 -> MOVIMIENTO DE TIERRAS
A25: 2.1 | B25: =VLOOKUP(A25,PRESUPUESTO!$A$14:$G$84,2,) -> Excavacion Manual Localizada (incluye retiro) | D25: =VLOOKUP(A25,PRESUPUESTO!$A$14:$G$84,4,) -> M3 | E25: =VLOOKUP(A25,PRESUPUESTO!$A$14:$G$84,5,) -> 39.7408 | F25: =VLOOKUP(A25,PRESUPUESTO!$A$14:$G$84,6,) -> 60050 | G25: =+ROUND(E25*F25,2) -> 2386435 | H25: =G25/$G$77 -> 0.0069248137
A26: 2.2 | B26: =VLOOKUP(A26,PRESUPUESTO!$A$14:$G$84,2,) -> Suministro, instalacion y compactacion de material seleccionado | D26: =VLOOKUP(A26,PRESUPUESTO!$A$14:$G$84,4,) -> M3 | E26: =VLOOKUP(A26,PRESUPUESTO!$A$14:$G$84,5,) -> 64.1102 | F26: =VLOOKUP(A26,PRESUPUESTO!$A$14:$G$84,6,) -> 110130 | G26: =+ROUND(E26*F26,2) -> 7060456.3 | H26: =G26/$G$77 -> 0.020487607
A27: 3 | B27: =PRESUPUESTO!B28 -> CONCRETOS Y ACEROS
A28: 3.1 | B28: =VLOOKUP(A28,PRESUPUESTO!$A$14:$G$84,2,) -> Viga de cimentacion de (30x35cm) en concreto 3000 PSI | D28: =VLOOKUP(A28,PRESUPUESTO!$A$14:$G$84,4,) -> ML | E28: =VLOOKUP(A28,PRESUPUESTO!$A$14:$G$84,5,) -> 106.54 | F28: =VLOOKUP(A28,PRESUPUESTO!$A$14:$G$84,6,) -> 111153.5 | G28: =+ROUND(E28*F28,2) -> 11842294 | H28: =G28/$G$77 -> 0.034363256
A29: 3.2 | B29: =VLOOKUP(A29,PRESUPUESTO!$A$14:$G$84,2,) -> Vigas de corona de (12x20cm ) en concreto de 3000 PSI | D29: =VLOOKUP(A29,PRESUPUESTO!$A$14:$G$84,4,) -> ML | E29: =VLOOKUP(A29,PRESUPUESTO!$A$14:$G$84,5,) -> 108.04 | F29: =VLOOKUP(A29,PRESUPUESTO!$A$14:$G$84,6,) -> 75983.3 | G29: =+ROUND(E29*F29,2) -> 8209235.7 | H29: =G29/$G$77 -> 0.023821066
A30: 3.3 | B30: =VLOOKUP(A30,PRESUPUESTO!$A$14:$G$84,2,) -> Columnetas de confinamiento de (12x20cm) en concreto de 3000 PSI | D30: =VLOOKUP(A30,PRESUPUESTO!$A$14:$G$84,4,) -> ML | E30: =VLOOKUP(A30,PRESUPUESTO!$A$14:$G$84,5,) -> 152.05 | F30: =VLOOKUP(A30,PRESUPUESTO!$A$14:$G$84,6,) -> 75248.15 | G30: =+ROUND(E30*F30,2) -> 11441481 | H30: =G30/$G$77 -> 0.033200202
A31: 3.4 | B31: =VLOOKUP(A31,PRESUPUESTO!$A$14:$G$84,2,) -> Acero de refuerzo Fy= 420 mpa | D31: =VLOOKUP(A31,PRESUPUESTO!$A$14:$G$84,4,) -> KG | E31: =VLOOKUP(A31,PRESUPUESTO!$A$14:$G$84,5,) -> 2425.3615 | F31: =VLOOKUP(A31,PRESUPUESTO!$A$14:$G$84,6,) -> 12036.66 | G31: =+ROUND(E31*F31,2) -> 29193251 | H31: =G31/$G$77 -> 0.084711221
A32: 3.5 | B32: =VLOOKUP(A32,PRESUPUESTO!$A$14:$G$84,2,) -> Concreto Ciclopeo 60-40 Mejoramiento del terreno (40X40) | D32: =VLOOKUP(A32,PRESUPUESTO!$A$14:$G$84,4,) -> M3 | E32: =VLOOKUP(A32,PRESUPUESTO!$A$14:$G$84,5,) -> 19.8704 | F32: =VLOOKUP(A32,PRESUPUESTO!$A$14:$G$84,6,) -> 445520 | G32: =+ROUND(E32*F32,2) -> 8852660.6 | H32: =G32/$G$77 -> 0.025688118
A33: 3.6 | B33: =VLOOKUP(A33,PRESUPUESTO!$A$14:$G$84,2,) -> Placa de contrapiso e=0.10m concreto 3000 PSI | D33: =VLOOKUP(A33,PRESUPUESTO!$A$14:$G$84,4,) -> M2 | E33: =VLOOKUP(A33,PRESUPUESTO!$A$14:$G$84,5,) -> 196.597 | F33: =VLOOKUP(A33,PRESUPUESTO!$A$14:$G$84,6,) -> 97613.34 | G33: =+ROUND(E33*F33,2) -> 19190490 | H33: =G33/$G$77 -> 0.055685809
A34: 4 | B34: =PRESUPUESTO!B36 -> INSTALACIONES HIDROSANITARIAS Y ELECTRICAS
A35: 4.1 | B35: =VLOOKUP(A35,PRESUPUESTO!$A$14:$G$84,2,) -> Suministro e instalacion de tuberia hidraulica en PVC presion 3/4" incluido accesorios | D35: =VLOOKUP(A35,PRESUPUESTO!$A$14:$G$84,4,) -> ML | E35: =VLOOKUP(A35,PRESUPUESTO!$A$14:$G$84,5,) -> 60.4 | F35: =VLOOKUP(A35,PRESUPUESTO!$A$14:$G$84,6,) -> 14335 | G35: =+ROUND(E35*F35,2) -> 865834 | H35: =G35/$G$77 -> 0.002512425
A36: 4.2 | B36: =VLOOKUP(A36,PRESUPUESTO!$A$14:$G$84,2,) -> Suministro e instalacion de tuberia hidraulica en PVC presion 1/2" incluido accesorios | D36: =VLOOKUP(A36,PRESUPUESTO!$A$14:$G$84,4,) -> ML | E36: =VLOOKUP(A36,PRESUPUESTO!$A$14:$G$84,5,) -> 14.6 | F36: =VLOOKUP(A36,PRESUPUESTO!$A$14:$G$84,6,) -> 12335 | G36: =+ROUND(E36*F36,2) -> 180091 | H36: =G36/$G$77 -> 0.00052257723
A37: 4.3 | B37: =VLOOKUP(A37,PRESUPUESTO!$A$14:$G$84,2,) -> Suministro e instalacion de tubieria sanitaria en PVC 4" incluido accesorios | D37: =VLOOKUP(A37,PRESUPUESTO!$A$14:$G$84,4,) -> ML | E37: =VLOOKUP(A37,PRESUPUESTO!$A$14:$G$84,5,) -> 80.94 | F37: =VLOOKUP(A37,PRESUPUESTO!$A$14:$G$84,6,) -> 54870 | G37: =+ROUND(E37*F37,2) -> 4441177.8 | H37: =G37/$G$77 -> 0.012887143
A38: 4.4 | B38: =VLOOKUP(A38,PRESUPUESTO!$A$14:$G$84,2,) -> Suministro e instalacion de tubieria sanitaria en PVC 2" incluido accesorios | D38: =VLOOKUP(A38,PRESUPUESTO!$A$14:$G$84,4,) -> ML | E38: =VLOOKUP(A38,PRESUPUESTO!$A$14:$G$84,5,) -> 48.64 | F38: =VLOOKUP(A38,PRESUPUESTO!$A$14:$G$84,6,) -> 36633.34 | G38: =+ROUND(E38*F38,2) -> 1781845.7 | H38: =G38/$G$77 -> 0.0051704526
A39: 4.5 | B39: =VLOOKUP(A39,PRESUPUESTO!$A$14:$G$84,2,) -> construccion de caja de inspeccion sanitaria de (80X80) en mamposteria incluye tapa en concreto | D39: =VLOOKUP(A39,PRESUPUESTO!$A$14:$G$84,4,) -> UND | E39: =VLOOKUP(A39,PRESUPUESTO!$A$14:$G$84,5,) -> 3 | F39: =VLOOKUP(A39,PRESUPUESTO!$A$14:$G$84,6,) -> 513462.5 | G39: =+ROUND(E39*F39,2) -> 1540387.5 | H39: =G39/$G$77 -> 0.0044698038
A40: 4.6 | B40: =VLOOKUP(A40,PRESUPUESTO!$A$14:$G$84,2,) -> Punto Sanitario 2" | D40: =VLOOKUP(A40,PRESUPUESTO!$A$14:$G$84,4,) -> UND | E40: =VLOOKUP(A40,PRESUPUESTO!$A$14:$G$84,5,) -> 15 | F40: =VLOOKUP(A40,PRESUPUESTO!$A$14:$G$84,6,) -> 75066.66 | G40: =+ROUND(E40*F40,2) -> 1125999.9 | H40: =G40/$G$77 -> 0.0032673588
A41: 4.7 | B41: =VLOOKUP(A41,PRESUPUESTO!$A$14:$G$84,2,) -> Punto Sanitario 4" | D41: =VLOOKUP(A41,PRESUPUESTO!$A$14:$G$84,4,) -> UND | E41: =VLOOKUP(A41,PRESUPUESTO!$A$14:$G$84,5,) -> 7 | F41: =VLOOKUP(A41,PRESUPUESTO!$A$14:$G$84,6,) -> 153900 | G41: =+ROUND(E41*F41,2) -> 1077300 | H41: =G41/$G$77 -> 0.0031260443
A42: 4.8 | B42: =VLOOKUP(A42,PRESUPUESTO!$A$14:$G$84,2,) -> Suministro e instalación de ducha tipo telefónica cromada, incluye regadera, brazo, chapeta, accesorios de fijación, conexiones | D42: =VLOOKUP(A42,PRESUPUESTO!$A$14:$G$84,4,) -> UND | E42: =VLOOKUP(A42,PRESUPUESTO!$A$14:$G$84,5,) -> 4 | F42: =VLOOKUP(A42,PRESUPUESTO!$A$14:$G$84,6,) -> 239825 | G42: =+ROUND(E42*F42,2) -> 959300 | H42: =G42/$G$77 -> 0.002783639
A43: 4.9 | B43: =VLOOKUP(A43,PRESUPUESTO!$A$14:$G$84,2,) -> Suministro e instalación de taza sanitaria tipo institucional (incluye accesorios de fijación y conexión) | D43: =VLOOKUP(A43,PRESUPUESTO!$A$14:$G$84,4,) -> UND | E43: =VLOOKUP(A43,PRESUPUESTO!$A$14:$G$84,5,) -> 4 | F43: =VLOOKUP(A43,PRESUPUESTO!$A$14:$G$84,6,) -> 383616.66 | G43: =+ROUND(E43*F43,2) -> 1534466.6 | H43: =G43/$G$77 -> 0.004452623
A44: 4.1 | B44: =PRESUPUESTO!B46 -> Suministro e instalación de lavamanos institucional sobreponer línea económica | D44: =PRESUPUESTO!D46 -> UND | E44: =PRESUPUESTO!E46 -> 7 | F44: =PRESUPUESTO!F46 -> 311253.34 | G44: =+ROUND(E44*F44,2) -> 2178773.4 | H44: =G44/$G$77 -> 0.0063222335
A45: 4.11 | B45: =VLOOKUP(A45,PRESUPUESTO!$A$14:$G$84,2,) -> Suministro e instalación de unidad sanitaria tipo PMR (personas con movilidad reducida) línea económica | D45: =VLOOKUP(A45,PRESUPUESTO!$A$14:$G$84,4,) -> UND | E45: =VLOOKUP(A45,PRESUPUESTO!$A$14:$G$84,5,) -> 3 | F45: =VLOOKUP(A45,PRESUPUESTO!$A$14:$G$84,6,) -> 1000208.3 | G45: =+ROUND(E45*F45,2) -> 3000625 | H45: =G45/$G$77 -> 0.0087070332
A46: 4.12 | B46: =VLOOKUP(A46,PRESUPUESTO!$A$14:$G$84,2,) -> Sondeo de redes sanitarias | D46: =VLOOKUP(A46,PRESUPUESTO!$A$14:$G$84,4,) -> ML | E46: =VLOOKUP(A46,PRESUPUESTO!$A$14:$G$84,5,) -> 30 | F46: =VLOOKUP(A46,PRESUPUESTO!$A$14:$G$84,6,) -> 7565 | G46: =+ROUND(E46*F46,2) -> 226950 | H46: =G46/$G$77 -> 0.00065854986
A47: 4.13 | B47: =VLOOKUP(A47,PRESUPUESTO!$A$14:$G$84,2,) -> Punto electrico 1/2" | D47: =VLOOKUP(A47,PRESUPUESTO!$A$14:$G$84,4,) -> UND | E47: =VLOOKUP(A47,PRESUPUESTO!$A$14:$G$84,5,) -> 54 | F47: =VLOOKUP(A47,PRESUPUESTO!$A$14:$G$84,6,) -> 58975 | G47: =+ROUND(E47*F47,2) -> 3184650 | H47: =G47/$G$77 -> 0.0092410258
A48: 4.14 | B48: =VLOOKUP(A48,PRESUPUESTO!$A$14:$G$84,2,) -> Tuberia EMT 1/2" | D48: =VLOOKUP(A48,PRESUPUESTO!$A$14:$G$84,4,) -> ML | E48: =VLOOKUP(A48,PRESUPUESTO!$A$14:$G$84,5,) -> 209.38 | F48: =VLOOKUP(A48,PRESUPUESTO!$A$14:$G$84,6,) -> 27480 | G48: =+ROUND(E48*F48,2) -> 5753762.4 | H48: =G48/$G$77 -> 0.016695922
A49: 4.15 | B49: =VLOOKUP(A49,PRESUPUESTO!$A$14:$G$84,2,) -> Interrutor sencillo | D49: =VLOOKUP(A49,PRESUPUESTO!$A$14:$G$84,4,) -> UND | E49: =VLOOKUP(A49,PRESUPUESTO!$A$14:$G$84,5,) -> 10 | F49: =VLOOKUP(A49,PRESUPUESTO!$A$14:$G$84,6,) -> 31006.25 | G49: =+ROUND(E49*F49,2) -> 310062.5 | H49: =G49/$G$77 -> 0.00089972071
A50: 4.16 | B50: =VLOOKUP(A50,PRESUPUESTO!$A$14:$G$84,2,) -> Tomacorriente doble. | D50: =VLOOKUP(A50,PRESUPUESTO!$A$14:$G$84,4,) -> UND | E50: =VLOOKUP(A50,PRESUPUESTO!$A$14:$G$84,5,) -> 13 | F50: =VLOOKUP(A50,PRESUPUESTO!$A$14:$G$84,6,) -> 21006.25 | G50: =+ROUND(E50*F50,2) -> 273081.25 | H50: =G50/$G$77 -> 0.00079241075
A51: 4.17 | B51: =VLOOKUP(A51,PRESUPUESTO!$A$14:$G$84,2,) -> Tomacorriente GFCI | D51: =VLOOKUP(A51,PRESUPUESTO!$A$14:$G$84,4,) -> UND | E51: =VLOOKUP(A51,PRESUPUESTO!$A$14:$G$84,5,) -> 4 | F51: =VLOOKUP(A51,PRESUPUESTO!$A$14:$G$84,6,) -> 31006.25 | G51: =+ROUND(E51*F51,2) -> 124025 | H51: =G51/$G$77 -> 0.00035988828
A52: 4.18 | B52: =VLOOKUP(A52,PRESUPUESTO!$A$14:$G$84,2,) -> Tuberia PVC Conduit 1/2" | D52: =VLOOKUP(A52,PRESUPUESTO!$A$14:$G$84,4,) -> ML | E52: =VLOOKUP(A52,PRESUPUESTO!$A$14:$G$84,5,) -> 16 | F52: =VLOOKUP(A52,PRESUPUESTO!$A$14:$G$84,6,) -> 18340 | G52: =+ROUND(E52*F52,2) -> 293440 | H52: =G52/$G$77 -> 0.00085148654
A53: 5 | B53: =PRESUPUESTO!B56 -> CUBIERTA
A54: 5.1 | B54: =VLOOKUP(A54,PRESUPUESTO!$A$14:$G$84,2,) -> Suministro e instalacion de correas metalicas en perfil retangular de ( 120 x 50 x 2 mm) | D54: =VLOOKUP(A54,PRESUPUESTO!$A$14:$G$84,4,) -> ML | E54: =VLOOKUP(A54,PRESUPUESTO!$A$14:$G$84,5,) -> 271.8 | F54: =VLOOKUP(A54,PRESUPUESTO!$A$14:$G$84,6,) -> 53550 | G54: =+ROUND(E54*F54,2) -> 14554890 | H54: =G54/$G$77 -> 0.042234504
A55: 5.2 | B55: =VLOOKUP(A55,PRESUPUESTO!$A$14:$G$84,2,) -> Suministro e instalacion de tejas arquitectonica de Cal 28 | D55: =VLOOKUP(A55,PRESUPUESTO!$A$14:$G$84,4,) -> M2 | E55: =VLOOKUP(A55,PRESUPUESTO!$A$14:$G$84,5,) -> 205.36 | F55: =VLOOKUP(A55,PRESUPUESTO!$A$14:$G$84,6,) -> 69033.83 | G55: =+ROUND(E55*F55,2) -> 14176787 | H55: =G55/$G$77 -> 0.041137349
A56: 5.3 | B56: =VLOOKUP(A56,PRESUPUESTO!$A$14:$G$84,2,) -> Suministro e instalacion de caballete arquitectonico de Cal 28 | D56: =VLOOKUP(A56,PRESUPUESTO!$A$14:$G$84,4,) -> ML | E56: =VLOOKUP(A56,PRESUPUESTO!$A$14:$G$84,5,) -> 15.1 | F56: =VLOOKUP(A56,PRESUPUESTO!$A$14:$G$84,6,) -> 35992.22 | G56: =+ROUND(E56*F56,2) -> 543482.52 | H56: =G56/$G$77 -> 0.0015770449
A57: 6 | B57: =PRESUPUESTO!B61 -> MAMPOSTERIA, ACABADOS, PINTURA Y PISOS
A58: 6.1 | B58: =VLOOKUP(A58,PRESUPUESTO!$A$14:$G$84,2,) -> Muro en mamposteria en ladrillo farol No4. | D58: =VLOOKUP(A58,PRESUPUESTO!$A$14:$G$84,4,) -> M2 | E58: =VLOOKUP(A58,PRESUPUESTO!$A$14:$G$84,5,) -> 323.8105 | F58: =VLOOKUP(A58,PRESUPUESTO!$A$14:$G$84,6,) -> 72137.12 | G58: =+ROUND(E58*F58,2) -> 23358757 | H58: =G58/$G$77 -> 0.067781036
A59: 6.2 | B59: =VLOOKUP(A59,PRESUPUESTO!$A$14:$G$84,2,) -> Muro en mamposteria en ladrillo farol No3 | D59: =VLOOKUP(A59,PRESUPUESTO!$A$14:$G$84,4,) -> M2 | E59: =VLOOKUP(A59,PRESUPUESTO!$A$14:$G$84,5,) -> 13.209 | F59: =VLOOKUP(A59,PRESUPUESTO!$A$14:$G$84,6,) -> 67276 | G59: =+ROUND(E59*F59,2) -> 888648.68 | H59: =G59/$G$77 -> 0.0025786273
A60: 6.3 | B60: =VLOOKUP(A60,PRESUPUESTO!$A$14:$G$84,2,) -> Suministro y construcción de bordillo en mampostería estructural de ladrillo a la vista, h=0,50 m, con alfajía en concreto reforzado fundido en sitio | D60: =VLOOKUP(A60,PRESUPUESTO!$A$14:$G$84,4,) -> ML | E60: =VLOOKUP(A60,PRESUPUESTO!$A$14:$G$84,5,) -> 10 | F60: =VLOOKUP(A60,PRESUPUESTO!$A$14:$G$84,6,) -> 104540.88 | G60: =+ROUND(E60*F60,2) -> 1045408.8 | H60: =G60/$G$77 -> 0.0030335045
A61: 6.4 | B61: =VLOOKUP(A61,PRESUPUESTO!$A$14:$G$84,2,) -> aplicación de pañete interior y exterior | D61: =VLOOKUP(A61,PRESUPUESTO!$A$14:$G$84,4,) -> M2 | E61: =VLOOKUP(A61,PRESUPUESTO!$A$14:$G$84,5,) -> 639.0255 | F61: =VLOOKUP(A61,PRESUPUESTO!$A$14:$G$84,6,) -> 35728 | G61: =+ROUND(E61*F61,2) -> 22831103 | H61: =G61/$G$77 -> 0.066249922
A62: 6.5 | B62: =VLOOKUP(A62,PRESUPUESTO!$A$14:$G$84,2,) -> aplicación de estuco plastico | D62: =VLOOKUP(A62,PRESUPUESTO!$A$14:$G$84,4,) -> M2 | E62: =VLOOKUP(A62,PRESUPUESTO!$A$14:$G$84,5,) -> 639.0255 | F62: =VLOOKUP(A62,PRESUPUESTO!$A$14:$G$84,6,) -> 22412.5 | G62: =+ROUND(E62*F62,2) -> 14322159 | H62: =G62/$G$77 -> 0.04155918
A63: 6.6 | B63: =VLOOKUP(A63,PRESUPUESTO!$A$14:$G$84,2,) -> aplicación de pintura en acabado de muros | D63: =VLOOKUP(A63,PRESUPUESTO!$A$14:$G$84,4,) -> M2 | E63: =VLOOKUP(A63,PRESUPUESTO!$A$14:$G$84,5,) -> 1194.5159 | F63: =VLOOKUP(A63,PRESUPUESTO!$A$14:$G$84,6,) -> 18500 | G63: =+ROUND(E63*F63,2) -> 22098544 | H63: =G63/$G$77 -> 0.064124226
A64: 6.7 | B64: =VLOOKUP(A64,PRESUPUESTO!$A$14:$G$84,2,) -> Instalacion de ceramica antideslizante formato 35X35 | D64: =VLOOKUP(A64,PRESUPUESTO!$A$14:$G$84,4,) -> M2 | E64: =VLOOKUP(A64,PRESUPUESTO!$A$14:$G$84,5,) -> 193.6285 | F64: =VLOOKUP(A64,PRESUPUESTO!$A$14:$G$84,6,) -> 96075 | G64: =+ROUND(E64*F64,2) -> 18602858 | H64: =G64/$G$77 -> 0.053980655
A65: 6.8 | B65: =VLOOKUP(A65,PRESUPUESTO!$A$14:$G$84,2,) -> Suministro e instalación de cerámica para pared 30x30 cm color blanco (incluye alistado) | D65: =VLOOKUP(A65,PRESUPUESTO!$A$14:$G$84,4,) -> M2 | E65: =VLOOKUP(A65,PRESUPUESTO!$A$14:$G$84,5,) -> 61.407 | F65: =VLOOKUP(A65,PRESUPUESTO!$A$14:$G$84,6,) -> 95250 | G65: =+ROUND(E65*F65,2) -> 5849016.8 | H65: =G65/$G$77 -> 0.016972325
A66: 6.9 | B66: =VLOOKUP(A66,PRESUPUESTO!$A$14:$G$84,2,) -> Guardaescoba ceramica h=7cm | D66: =VLOOKUP(A66,PRESUPUESTO!$A$14:$G$84,4,) -> ML | E66: =VLOOKUP(A66,PRESUPUESTO!$A$14:$G$84,5,) -> 179.72 | F66: =VLOOKUP(A66,PRESUPUESTO!$A$14:$G$84,6,) -> 33834.807 | G66: =+ROUND(E66*F66,2) -> 6080791.5 | H66: =G66/$G$77 -> 0.017644875
A67: 7 | B67: =PRESUPUESTO!B72 -> CARPINTERIA METALICA
A68: 7.1 | B68: =VLOOKUP(A68,PRESUPUESTO!$A$14:$G$84,2,) -> Puerta principal en lamina cold rolled cal 18 entamborada incluye cerradura (1.00X2.10) | D68: =VLOOKUP(A68,PRESUPUESTO!$A$14:$G$84,4,) -> UND | E68: =VLOOKUP(A68,PRESUPUESTO!$A$14:$G$84,5,) -> 4 | F68: =VLOOKUP(A68,PRESUPUESTO!$A$14:$G$84,6,) -> 1219125 | G68: =+ROUND(E68*F68,2) -> 4876500 | H68: =G68/$G$77 -> 0.014150334
A69: 7.2 | B69: =VLOOKUP(A69,PRESUPUESTO!$A$14:$G$84,2,) -> Puerta de baño en aluminio (1.00x2.10) | D69: =VLOOKUP(A69,PRESUPUESTO!$A$14:$G$84,4,) -> UND | E69: =VLOOKUP(A69,PRESUPUESTO!$A$14:$G$84,5,) -> 5 | F69: =VLOOKUP(A69,PRESUPUESTO!$A$14:$G$84,6,) -> 739125 | G69: =+ROUND(E69*F69,2) -> 3695625 | H69: =G69/$G$77 -> 0.010723742
A70: 7.3 | B70: =VLOOKUP(A70,PRESUPUESTO!$A$14:$G$84,2,) -> Puerta de baño en aluminio compuesto corrediza (0.90x2.10) | D70: =VLOOKUP(A70,PRESUPUESTO!$A$14:$G$84,4,) -> UND | E70: =VLOOKUP(A70,PRESUPUESTO!$A$14:$G$84,5,) -> 2 | F70: =VLOOKUP(A70,PRESUPUESTO!$A$14:$G$84,6,) -> 420406.25 | G70: =+ROUND(E70*F70,2) -> 840812.5 | H70: =G70/$G$77 -> 0.0024398191
A71: 7.4 | B71: =VLOOKUP(A71,PRESUPUESTO!$A$14:$G$84,2,) -> Ventana en aluminio tipo persiana (0.90x0.60) | D71: =VLOOKUP(A71,PRESUPUESTO!$A$14:$G$84,4,) -> UND | E71: =VLOOKUP(A71,PRESUPUESTO!$A$14:$G$84,5,) -> 4 | F71: =VLOOKUP(A71,PRESUPUESTO!$A$14:$G$84,6,) -> 625812.5 | G71: =+ROUND(E71*F71,2) -> 2503250 | H71: =G71/$G$77 -> 0.0072637803
A72: 7.5 | B72: =VLOOKUP(A72,PRESUPUESTO!$A$14:$G$84,2,) -> Ventana en aluminio tipo persiana (1.20x0.50) | D72: =VLOOKUP(A72,PRESUPUESTO!$A$14:$G$84,4,) -> UND | E72: =VLOOKUP(A72,PRESUPUESTO!$A$14:$G$84,5,) -> 1 | F72: =VLOOKUP(A72,PRESUPUESTO!$A$14:$G$84,6,) -> 376812.5 | G72: =+ROUND(E72*F72,2) -> 376812.5 | H72: =G72/$G$77 -> 0.0010934118
A73: 7.6 | B73: =VLOOKUP(A73,PRESUPUESTO!$A$14:$G$84,2,) -> Ventana en lamina Cold rolled (2.00x1.90) Corrediza incluye vidrio | D73: =VLOOKUP(A73,PRESUPUESTO!$A$14:$G$84,4,) -> UND | E73: =VLOOKUP(A73,PRESUPUESTO!$A$14:$G$84,5,) -> 4 | F73: =VLOOKUP(A73,PRESUPUESTO!$A$14:$G$84,6,) -> 1709150 | G73: =+ROUND(E73*F73,2) -> 6836600 | H73: =G73/$G$77 -> 0.019838035
A74: 7.7 | B74: =VLOOKUP(A74,PRESUPUESTO!$A$14:$G$84,2,) -> Suministro e instalación de pasamanos en acero inoxidable AISI 304 con postes anclados a losa | D74: =VLOOKUP(A74,PRESUPUESTO!$A$14:$G$84,4,) -> ML | E74: =VLOOKUP(A74,PRESUPUESTO!$A$14:$G$84,5,) -> 48.74 | F74: =VLOOKUP(A74,PRESUPUESTO!$A$14:$G$84,6,) -> 800050 | G74: =+ROUND(E74*F74,2) -> 38994437 | H74: =G74/$G$77 -> 0.11315171
A75: 7.8 | B75: =VLOOKUP(A75,PRESUPUESTO!$A$14:$G$84,2,) -> Suministro e instalación de pasamanos en acero inoxidable AISI 304con anclaje lateral a muro | D75: =VLOOKUP(A75,PRESUPUESTO!$A$14:$G$84,4,) -> ML | E75: =VLOOKUP(A75,PRESUPUESTO!$A$14:$G$84,5,) -> 23.85 | F75: =VLOOKUP(A75,PRESUPUESTO!$A$14:$G$84,6,) -> 401050 | G75: =+ROUND(E75*F75,2) -> 9565042.5 | H75: =G75/$G$77 -> 0.027755265
A77: TOTAL COSTO DIRECTO OBRA | G77: =SUM(G16:G76) -> 3.4462083e+08 | H77: =SUM(H16:H75) -> 1
A78: ADMINISTRACION | F78: 0.28 | G78: =ROUND((F78*G$77),2) -> 96493833 | H78: =G78/G$77 -> 0.28
A79: IMPREVISTOS | F79: 0.01 | G79: =ROUND((F79*G$77),2) -> 3446208.3 | H79: =G79/G$77 -> 0.01
A80: UTILIDAD | F80: 0.03 | G80: =ROUND((F80*G$77),2) -> 10338625 | H80: =G80/G$77 -> 0.03
A81: TOTAL COSTO INDIRECTO OBRA | G81: =SUM(G78:G80) -> 1.1027867e+08 | H81: =SUM(H78:H80) -> 0.32
A82: TOTAL OBRA | G82: =G81+G77 -> 4.548995e+08 | H82: =G81/G77 -> 0.32
E87: ______________________________________________
B88: _________________________________________ | E88: ARQ. GUILLERMO YAMID VALLEJOS BENAVIDES
B89: REALIZO: ING JEISSON ARLED BUESAQUILLO | E89: SECRETARIO DE PLANEACION Y OBRAS PUBLICAS
B90: Apoyo Profesional SPOPM | E90: SAN MIGUEL - PUTUMAYO

Sheet F.M 
D1: SECRETARIA DE PLANEACIÓN Y OBRAS PÚBLICAS | E1: CODIGO | F1: 103
E2: SERIE Y SUBSERIE | F2: 51
D3: NIT. 800252922-2
D4: Modelo Integrado de Planeación y Gestión | E4: VERSIÓN | F4: 1
D5: PRESUPUESTO | E5: FECHA DEL FORMATO | F5: D/M/A
F6: 44216
B8: =PRESUPUESTO!A8 -> AMPLIACIÓN DE MÓDULOS HABITACIONALES Y ÁREAS COMPLEMENTARIAS PARA CENTRO DE BIENESTAR EL BUEN SAMARITANO Y CENTRO DÍA DE PUERTO COLÓN DEL MUNICIPIO DE SAN MIGUEL, PUTUMAYO.
B11: FACTOR PRESTACIONAL PARA PERSONAL PROFESIONAL, ADMINISTRATIVO Y TECNICO | G11: %
B12: A. | D12: VALOR BASE (Sueldo) | G12: 100
B13: B. | D13: PRESTACIONES SOCIALES | G13: =SUM(G14:G29) -> 75.432
C14: a. | D14: Cesantías | F14: (A/12) | G14: 8.33
C15: b. | D15: Intereses sobre cesantía | F15: (a*12%) | G15: 1
C16: c. | D16: Prima anual | F16: (A/12) | G16: 8.33
C17: d. | D17: Caja de Compensación | F17: % A | G17: 4
C18: e. | D18: SENA | F18: % A | G18: 2
C19: f. | D19: ICBF | F19: % A | G19: 3
C20: g. | D20: Sistema de seguridad social : Salud | F20: % A | G20: 8.5
C21: h. | D21: Sistema de seguridad social : Pensiòn | F21: % A | G21: 12
C22: i. | D22: ARP personal en obra | F22: % A | G22: 6.96
C23: j. | D23: ARP personal en oficina | F23: % A | G23: 0.522
C24: k. | D24: Vacaciones | F24: (15/360*100) | G24: 4.17
C25: l. | D25: Ausencias justificadas | F25: (3/360*100) | G25: 0.83
... C29: p | D29: Bonoficación rereación | F29: % A | G29: 2
B30: C. | D30: SUMA (A + B) | G30: =G12+G13 -> 175.432
B32: E. | D32: FACTOR PRESTACIONAL | G32: =G30 -> 175.432
D33: FACTOR PRESTACIONAL FINAL | G33: =ROUND(G32/100,2) -> 1.75
B39: _________________________________________ | E39: ARQ. GUILLERMO YAMID VALLEJOS BENAVIDES
B40: REALIZO: ING JEISSON ARLED BUESAQUILLO | E40: SECRETARIO DE PLANEACION Y OBRAS PUBLICAS
B41: Apoyo Profesional SPOPM | E41: SAN MIGUEL - PUTUMAYO

Sheet DESGLOSE AIU
B1: SECRETARIA DE PLANEACIÓN Y OBRA PÚBLICAS | D1: CÓDIGO | E1: 103
D2: SERIE Y SUBSERIE | E2: 51
B3: NIT. 800252922-2
B4: Modelo Integrado de Planeación y Gestión | D4: VERSIÓN | E4: 1
B5: PRESUPUESTO | D5: FECHA DEL FORMATO | E5: D/M/A
E6: =[12]PRESUPUESTO!F6 -> 45402
A8: =PRESUPUESTO!A8 -> AMPLIACIÓN DE MÓDULOS HABITACIONALES Y ÁREAS COMPLEMENTARIAS PARA CENTRO DE BIENESTAR EL BUEN SAMARITANO Y CENTRO DÍA DE PUERTO COLÓN DEL MUNICIPIO DE SAN MIGUEL, PUTUMAYO.
A10: DESGLOCE A.I.U - SUMINISTRO E INSTALACION POZO SEPTICO
A12: SALARIO PERSONAL ADMINISTRATIVO DE OBRA
A13: PERSONAL | B13: SUELDO BASICO | C13: FACTOR PRESTACIONAL | E13: SUELDO + PRESTACIONES
A14: Ingeniero Civil | B14: 4600000 | C14: ='F.M '!$G$33 -> 1.75 | E14: =B14*C14 -> 8050000
A15: Profesional SST | B15: 3800000 | C15: ='F.M '!$G$33 -> 1.75 | E15: =B15*C15 -> 6650000
A16: Profesional Social | B16: 3200000 | C16: ='F.M '!$G$33 -> 1.75 | E16: =B16*C16 -> 5600000
A17: Maestro General | B17: 3200000 | C17: ='F.M '!$G$33 -> 1.75 | E17: =B17*C17 -> 5600000
A18: 1. ADMINISTRACION
A19: 1.1. PERSONAL ADMINISTRATIVO DE OBRA | B19: SUELDO + PRESTACIONES | C19: DEDICACION | D19: MESES | E19: VALOR PARCIAL | F19: % SOBRE COSTO DIRECTO
A20: =A14 -> Ingeniero Civil | B20: =E14 -> 8050000 | C20: 1 | D20: 1.5 | E20: =ROUND((B20*C20*D20),0) -> 12075000 | F20: =E20/$E$53 -> 0.035038509
A21: =A15 -> Profesional SST | B21: =E15 -> 6650000 | C21: 1 | D21: 1.5 | E21: =ROUND((B21*C21*D21),0) -> 9975000 | F21: =E21/$E$53 -> 0.028944855
A22: =A16 -> Profesional Social | B22: =E16 -> 5600000 | C22: 1 | D22: 1.5 | E22: =ROUND((B22*C22*D22),0) -> 8400000 | F22: =E22/$E$53 -> 0.024374615
A23: =A17 -> Maestro General | B23: =E17 -> 5600000 | C23: 1 | D23: 1.5 | E23: =ROUND((B23*C23*D23),0) -> 8400000 | F23: =E23/$E$53 -> 0.024374615
A24: 1.2. COSTOS DEL PROCESO
A25: Polizas y legalizacion del contrato | E25: 766845.62 | F25: =E25/$E$53 -> 0.0022251865
A26: Campamento | E26: 1200000 | F26: =E26/$E$53 -> 0.0034820878
A27: Valla Informatica 2.00x1.00 | E27: 1500000 | F27: =E27/$E$53 -> 0.0043526098
A28: 1.3. GASTOS DE OBRA
A29: Edicion de informes | E29: 250000 | F29: =E29/E53 -> 0.00072543496
A30: Seguridad Industrial | D30: 1.5 | E30: 1200000 | F30: =E30*D30/E53 -> 0.0052231317
F31: =E31/E53 -> 0
A32: IMPUESTOS DE OBRA
A33: Otras obigaciones (Impuestos de ley) | E33: =E53*F33 -> 52726987 | F33: 0.153
A34: TOTAL ADMINISTRACION | E34: =ROUND(SUM(E20:E33),2) -> 96493833 | F34: =E34/E53 -> 0.28 | G34: 96493833 | H34: =G34-E34 -> 0
A36: 2. IMPREVISTOS
A37: DESCRIPCION | D37: VALOR PARCIAL | F37: PORCENTAJE
A38: IMPREVISTOS | D38: =F38*E53 -> 3446208.3 | F38: 0.01
A39: TOTAL UTILIDAD | D39: =ROUND(D38,2) -> 3446208.3 | F39: =SUM(F38) -> 0.01
A41: 3. UTILIDAD
A42: DESCRIPCION | D42: VALOR PARCIAL | F42: PORCENTAJE
A43: UTILIDAD | D43: =F43*E53 -> 10338625 | F43: 0.03
A44: TOTAL UTILIDAD | D44: =ROUND(D43,2) -> 10338625 | F44: =SUM(F43) -> 0.03
A46: TOTAL COSTO DIRECTO A.I.U
A47: RESUMEN
A48: DESCRIPCION | D48: VALOR PARCIAL | F48: PORCENTAJE
A49: ADMINISTRACION | D49: =+F49*E53 -> 96493833 | F49: =F34 -> 0.28 | G49: 8113869.6 | H49: =J49-I49 -> -88379963 | I49: =D49 -> 96493833 | J49: =[12]PRESUPUESTO!G37 -> 8113869.6
A50: IMPREVISTOS | D50: =F50*E53 -> 3446208.3 | F50: =F39 -> 0.01 | G50: 601027.38 | H50: =J50-I50 -> -2845180.9 | I50: =D50 -> 3446208.3 | J50: =[12]PRESUPUESTO!G38 -> 601027.38
A51: UTILIDAD | D51: =F51*E53 -> 10338625 | F51: =F44 -> 0.03 | G51: 901541.07 | H51: =J51-I51 -> -9437083.9 | I51: =D51 -> 10338625 | J51: =[12]PRESUPUESTO!G39 -> 901541.07
A52: TOTAL | D52: =SUM(D49:E51) -> 1.1027867e+08 | F52: =D52/E53 -> 0.32
A53: COSTO DIRECTO | E53: =PRESUPUESTO!G83 -> 3.4462083e+08
A54: COSTO INDIRECTO | E54: =+D52 -> 1.1027867e+08
A55: SUBTOTAL | E55: =+E53+E54+0.01 -> 4.548995e+08
D59: ________________________________________________
A60: _________________________________________ | D60: ARQ. GUILLERMO YAMID VALLEJOS BENAVIDES
A61: REALIZO: ING JEISSON ARLED BUESAQUILLO | D61: SECRETARIO DE PLANEACION Y OBRAS PUBLICAS
A62: Apoyo Profesional SPOPM | D62: SAN MIGUEL - PUTUMAYO
